Workbook
Name \a: #REF!
Name \m: #REF!
Name \n: #REF!
Name \o: #REF!
Name _____SP1: [1]FES!#REF!
Name _____SP10: [1]FES!#REF!
Name _____SP11: [1]FES!#REF!
Name _____SP12: [1]FES!#REF!
Name _____SP13: [1]FES!#REF!
Name _____SP14: [1]FES!#REF!
Name _____SP15: [1]FES!#REF!
Name _____SP16: [1]FES!#REF!
Name _____SP17: [1]FES!#REF!
Name _____SP18: [1]FES!#REF!
Name _____SP19: [1]FES!#REF!
Name _____SP2: [1]FES!#REF!
Name _____SP20: [1]FES!#REF!
Name _____SP3: [1]FES!#REF!
Name _____SP4: [1]FES!#REF!
Name _____SP5: [1]FES!#REF!
Name _____SP7: [1]FES!#REF!
Name _____SP8: [1]FES!#REF!
Name _____SP9: [1]FES!#REF!
Name _____vp1: [2]T0!#REF!
Name _____vpp1: [2]T0!#REF!
Name _____vpp2: [2]T0!#REF!
Name _____vpp3: [2]T0!#REF!
Name _____vpp4: [2]T0!#REF!
Name _____vpp5: [2]T0!#REF!
Name _____vpp6: [2]T0!#REF!
Name _____vpp7: [2]T0!#REF!
Name ____op1: [3]T25!$I$48
Name ____opp1: [3]T31!$I$91
Name ____opp2: [3]T31!$I$92
Name ____opp3: [3]T31!$I$93
Name ____opp4: [3]T31!$I$94
Name ____opp5: [3]T31!$I$95
Name ____opp6: [3]T31!$I$96
Name ____opp7: [3]T31!$I$97
Name ___op1: [3]T25!$I$48
Name ___opp1: [3]T31!$I$91
Name ___opp2: [3]T31!$I$92
Name ___opp3: [3]T31!$I$93
Name ___opp4: [3]T31!$I$94
Name ___opp5: [3]T31!$I$95
Name ___opp6: [3]T31!$I$96
Name ___opp7: [3]T31!$I$97
Name ___SP1: [1]FES!#REF!
Name ___SP10: [1]FES!#REF!
Name ___SP11: [1]FES!#REF!
Name ___SP12: [1]FES!#REF!
Name ___SP13: [1]FES!#REF!
Name ___SP14: [1]FES!#REF!
Name ___SP15: [1]FES!#REF!
Name ___SP16: [1]FES!#REF!
Name ___SP17: [1]FES!#REF!
Name ___SP18: [1]FES!#REF!
Name ___SP19: [1]FES!#REF!
Name ___SP2: [1]FES!#REF!
Name ___SP20: [1]FES!#REF!

Sheet Мособлэнерго
BN1: Приложение 2
BN2: к приказу Федеральной службы по тарифам
BN3: от 24 октября 2014 г. № 1831-э
A5: Форма раскрытия информации о структуре и объемах затрат
A6: на оказание услуг по передаче электрической энергии сетевыми
A7: организациями, регулирование деятельности которых осуществляется
A8: методом долгосрочной индексации необходимой валовой выручки
C10: Наименование организации: | AG10: АО "Мособлэнерго"
C11: ИНН: | J11: 5032137342
C12: КПП: | J12: 500301001
C13: Долгосрочный период регулирования: | AQ13: 2025 | AY13: - | BA13: 2029 | BH13: гг.
A15: № п/п | J15: Показатель | BH15: Ед. изм. | BS15: 2024 год | BU15: Примечание ***
BS16: план * | BT16: факт **
A17: I | J17: Структура затрат | BH17: х | BS17: х | BT17: х | BU17: х
A18: 1 | J18: Необходимая валовая выручка на содержание | BH18: тыс. руб. | BS18: =BS19+BS33+BS47+BS49 -> 25858219 | BT18: =BT19+BT33+BT47+BT49 -> 27268278
A19: 1.1 | J19: Подконтрольные расходы, всего | BH19: тыс. руб. | BS19: =BS20+BS25+BS27+BS31+BS32 -> 10853187 | BT19: =BT20+BT25+BT27+BT31+BT32 -> 10170526 | CQ19: =+BS20+BS25+BS27+BS31+BS32 -> 10853187 | CR19: =+BT20+BT25+BT27+BT31+BT32 -> 10170526
A20: 1.1.1 | K20: Материальные расходы, всего | BH20: тыс. руб. | BS20: =+BS21+BS22+BS23 -> 3983524.5 | BT20: =+BT21+BT22+BT23 -> 3433358.5 | CQ20: =+CQ19-BS19 -> 0
A21: 1.1.1.1 | K21: в том числе на сырье, материалы, запасные части, инструмент, топливо | BH21: тыс. руб. | BS21: 1014420.9 | BT21: =БДР_2024!G26+БДР_2024!G43 -> 953534.45
A22: 1.1.1.2 | K22: на ремонт | BH22: тыс. руб. | BS22: 2409260.5 | BT22: 2000000
A23: 1.1.1.3 | K23: в том числе на работы и услуги производственного характера (в том числе услуги сторонних организаций по содержанию сетей и распределительных устройств) | BH23: тыс. руб. | BS23: 559843.11 | BT23: =БДР_2024!AC47 -> 479824.06
A24: 1.1.1.3.1 | K24: в том числе на ремонт | BH24: тыс. руб.
A25: 1.1.2 | K25: Фонд оплаты труда | BH25: тыс. руб. | BS25: 5504361.7 | BT25: =БДР_2024!AC23 -> 6187012.1
A26: 1.1.2.1 | K26: в том числе на ремонт | BH26: тыс. руб.
A27: 1.1.3 | K27: Прочие подконтрольные расходы | BH27: тыс. руб. | BS27: =+BS28+BS29+BS30 -> 1365300.6 | BT27: =+BT28+BT29+BT30 -> 550155.6
A28: 1.1.3.1 | K28: в том числе прибыль на социальное развитие (включая социальные выплаты) | BH28: тыс. руб. | BS28: 81874.486 | BT28: =БДР_2024!G105 -> 46104.6
A29: 1.1.3.2 | K29: в том числе транспортные услуги | BH29: тыс. руб.
A30: 1.1.3.3 | K30: в том числе прочие расходы **** | BH30: тыс. руб. | BS30: 1283426.1 | BT30: 504051
A31: 1.1.4 | K31: Расходы на обслуживание операционных заемных средств в составе подконтрольных расходов | BH31: тыс. руб.
A32: 1.1.5 | K32: Расходы из прибыли в составе подконтрольных расходов | BH32: тыс. руб.
A33: 1.2 | K33: Неподконтрольные расходы, включенные в НВВ, всего | BH33: тыс. руб. | BS33: =BS34+BS35+BS36+BS37+BS38+BS39+BS40+BS41+BS42+BS43+BS45+BS46 -> 9416403.6 | BT33: =BT34+BT35+BT36+BT37+BT38+BT39+BT40+BT41+BT42+BT43+BT45+BT46 -> 9512094.3 | CQ33: =+BS34+BS35+BS36+BS37+BS38+BS39+BS40+BS41+BS42+BS43+BS45+BS46 -> 9416403.6 | CR33: =+BT34+BT35+BT36+BT37+BT38+BT39+BT40+BT41+BT42+BT43+BT45+BT46 -> 9512094.3
A34: 1.2.1 | K34: Оплата услуг ОАО "ФСК ЕЭС" | BH34: тыс. руб. | BS34: 362627.42 | BT34: =БДР_2024!G21 -> 364976.89
A35: 1.2.2 | K35: Расходы на оплату технологического присоединения к сетям смежной сетевой организации | BH35: тыс. руб.
A36: 1.2.3 | K36: Плата за аренду имущества | BH36: тыс. руб. | BS36: 964718.18 | BT36: =БДР_2024!AC35 -> 1280466.4
A37: 1.2.4 | K37: отчисления на социальные нужды | BH37: тыс. руб. | BS37: 1462813.9 | BT37: =БДР_2024!AC24 -> 1876013.7
A38: 1.2.5 | K38: расходы на возврат и обслуживание долгосрочных заемных средств, направляемых на финансирование капитальных вложений | BH38: тыс. руб.
A39: 1.2.6 | K39: амортизация | BH39: тыс. руб. | BS39: 3283788.8 | BT39: =БДР_2024!G34 -> 4950375.1
A40: 1.2.7 | K40: прибыль на капитальные вложения | BH40: тыс. руб. | BS40: =936608.89+750000 -> 1686608.9
A41: 1.2.8 | K41: налог на прибыль | BH41: тыс. руб. | BS41: 293810 | BT41: =БДР_2024!G114 -> 873137.2
A42: 1.2.9 | K42: прочие налоги | BH42: тыс. руб. | BS42: =130692.65 -> 130692.65 | BT42: =БДР_2024!G63+БДР_2024!G109 -> 167125.08
A43: 1.2.10 | K43: Расходы сетевой организации, связанные с осуществлением технологического присоединения к электрическим сетям, не включенные в плату за технологическое присоединение | BH43: тыс. руб.
A44: 1.2.10.1 | K44: Справочно: "Количество льготных технологических присоединений" | BH44: ед.
A45: 1.2.11 | K45: Средства, подлежащие дополнительному учету по результатам вступивших в законную силу решений суда, решений ФСТ России, принятых по итогам рассмотрения разногласий или досудебного урегулирования споров, решения ФСТ России об отмене решения регулирующего органа, принятого им с превышением полномочий (предписания) | BH45: тыс. руб.
A46: 1.2.12 | K46: прочие неподконтрольные расходы | BH46: тыс. руб. | BS46: 1231343.7
A47: 1.3 | K47: недополученный по независящим причинам доход (+)/избыток средств, полученный в предыдущем периоде регулирования (-) | BH47: тыс. руб. | BS47: -1550607.7
A48: II | K48: Справочно: расходы на ремонт, всего (пункт 1.1.1.2 + пункт 1.1.2.1 + пункт 1.1.1.3.1) | BH48: тыс. руб. | BS48: =+BS22+BS26+BS24 -> 2409260.5 | BT48: 2000000
A49: III | K49: Необходимая валовая выручка на оплату технологического расхода (потерь) электроэнергии | BH49: тыс. руб. | BS49: =7889236.01509398-750000 -> 7139236 | BT49: =БДР_2024!G20 -> 7585657
A50: 1.1 | K50: Справочно: Объем технологических потерь | BH50: МВт∙ч | BS50: 2027952.9 | BT50: 2134700
A51: 1.2 | K51: Справочно: Цена покупки электрической энергии сетевой организацией в целях компенсации технологического расхода электрической энергии | BH51: тыс. руб. | BS51: =BS49/BS50 -> 3.5204151 | BT51: =BT49/BT50 -> 3.5535003
A52: IV | K52: Натуральные (количественные) показатели, используемые при определении структуры и объемов затрат на оказание услуг по передаче электрической энергии сетевыми организациями | BH52: х | BS52: х | BT52: х | BU52: х
A53: 1 | K53: общее количество точек подключения на конец года | BH53: шт. | BS53: 2609034 | BT53: 2699753
A54: 2 | K54: Трансформаторная мощность подстанций, всего | BH54: МВа | BS54: =BS55+BS56 -> 9776.64 | BT54: =BT55+BT56 -> 10184
A55: 2.1 | K55: в том числе трансформаторная мощность подстанций на уровне напряжения 10 кВ | BH55: МВа | BS55: =BT55*0.96 -> 9741.12 | BT55: 10147
A56: 2.2 | K56: в том числе трансформаторная мощность подстанций на уровне напряжения 35 кВ | BH56: МВа | BS56: =BT56*0.96 -> 35.52 | BT56: 37
A57: 3 | K57: Количество условных единиц по линиям электропередач, всего | BH57: у.е. | BS57: =BS58+BS59+BS60 -> 128473.01 | BT57: =BT58+BT59+BT60 -> 133819.24
A58: 3.1 | K58: в том числе количество условных единиц по линиям электропередач на уровне напряжения 35 кВ | BH58: у.е. | BS58: 34.72 | BT58: 29.35
A59: 3.2 | K59: в том числе количество условных единиц по линиям электропередач на уровне напряжения 10 кВ | BH59: у.е. | BS59: =BT59*0.96 -> 73585.046 | BT59: 76651.09
A60: 3.3 | K60: в том числе количество условных единиц по линиям электропередач на уровне напряжения 0,4 кВ | BH60: у.е. | BS60: =BT60*0.96 -> 54853.248 | BT60: 57138.8
A61: 4 | K61: Количество условных единиц по подстанциям, всего | BH61: у.е. | BS61: =BS62+BS63 -> 205965.12 | BT61: =BT62+BT63 -> 214547
A62: 4.1 | K62: в том числе количество условных единиц по подстанциям на уровне напряжения 35 кВ | BH62: у.е. | BS62: =BT62*0.96 -> 553.44 | BT62: 576.5
A63: 4.2 | K63: в том числе количество условных единиц по подстанциям на уровне напряжения 10/0,4 кВ | BH63: у.е. | BS63: =BT63*0.96 -> 205411.68 | BT63: 213970.5
A64: 5 | K64: Длина линий электропередач, всего | BH64: км | BS64: =BS65+BS66+BS67 -> 18183.917 | BT64: =BT65+BT66+BT67 -> 18941.58
A65: 5.1 | K65: в том числе длина линий электропередач на уровне напряжения 35 кВ | BH65: км | BS65: =BT65*0.96 -> 21.5424 | BT65: 22.44
A66: 5.2 | K66: в том числе длина линий электропередач на уровне напряжения 10 кВ | BH66: км | BS66: =BT66*0.96 -> 2969.4336 | BT66: 3093.16
A67: 5.3 | K67: в том числе длина линий электропередач на уровне напряжения 0,4 кВ | BH67: км | BS67: =BT67*0.96 -> 15192.941 | BT67: 15825.98
A68: 6 | K68: Доля кабельных линий электропередач | BH68: % | BS68: 63.4 | BT68: 63
A69: 7 | K69: Ввод в эксплуатацию новых объектов электросетевого комплекса на конец года | BH69: тыс. руб. | BS69: 10514970 | BT69: 10514970
A70: 7.1 | K70: в том числе за счет платы за технологическое присоединение | BH70: тыс. руб. | BS70: 2099330 | BT70: 2099330
A71: 8 | K71: норматив технологического расхода (потерь) электрической энергии, установленный Минэнерго России ***** | BH71: % | BS71: не утверждается | BT71: х | BU71: х
G73: Примечание:
A74: _____*_В случае определения плановых значений показателей органами исполнительной власти в области государственного регулирования тарифов при установлении тарифов на услуги по передаче электрической энергии в столбце <план> указываются соответствующие значения. Плановые значения составляющих подконтрольных расходов раскрываются в отношении расходов, учтенных регулирующим органом на первый год долгосрочного периода регулирования.
A75: _____**_Информация о фактических затратах на оказание регулируемых услуг заполняется на основании данных раздельного учета расходов по регулируемым видам деятельности.
A76: _____***_При наличии отклонений фактических значений показателей от плановых значений более чем на 15 процентов в столбце <Примечание> указываются причины их возникновения.
A77: _____****_В соответствии с пунктом 28 Основ ценообразования в области регулируемых цен (тарифов) в электроэнергетике, утвержденных постановлением Правительства Российской Федерации от 29.12.2011 № 1178.
A78: _____*****_В соответствии с пунктом 4.2.14.8 Положения о Министерстве энергетики Российской Федерации, утвержденного постановлением Правительства Российской Федерации от 28.05.2008 № 400.
A81: Заместитель генерального директора по экономике и финансам В.Н. Мельничук

Sheet БДР_2024
H1: 0.95286088 | I1: 0.95286088 | K1: 0.95286088 | M1: 0.95286088 | O1: 0.95286088 | P1: 0.95286088
H2: 0.017879938 | I2: 0.017879938 | K2: 0.017879938 | M2: 0.017879938 | O2: 0.017879938 | P2: 0.017879938 | X2: Приложение № 4
H3: 0.029259178 | I3: 0.029259178 | K3: 0.029259178 | M3: 0.029259178 | O3: 0.029259178 | P3: 0.029259178
O4: Приложение № 5
A5: БЮДЖЕТ ДОХОДОВ И РАСХОДОВ АО "Мособлэнерго"
A9: № п/п | B9: Виды продукции | C9: Ед. изм. | D9: 2023 | F9: отклонение,% | G9: план 2024 | N9: Темп роста (снижения) к отчетному году, % | O9: Прогноз 2025 | P9: Прогноз 2026 | S9: факт 2023
D10: план | E10: факт | S10: Всего | T10: в разрезе периодов
D11: план | E11: факт | G11: Год | H11: 1 квартал | I11: 2 квартал | J11: 1 полугодие | K11: 3 квартал | L11: 9 месяцев | M11: 4 квартал | S11: всего | T11: 1 кв. | U11: 2 кв. | V11: 1 п/г | W11: 3 кв. | X11: 9 мес. | Y11: 4 кв. | AC11: 0.95
A12: I. | B12: Доходы (всего) | D12: =D13+D14+D15 -> 26749182 | E12: =E13+E14+E15 -> 28181095 | F12: =(E12-D12)/D12 -> 0.053531108 | G12: =G13+G14+G15 -> 28862046 | H12: =H13+H14+H15 -> 7438757.5 | I12: =I13+I14+I15 -> 6762979.8 | J12: =J13+J14+J15 -> 14201737 | K12: =K13+K14+K15 -> 6655310.9 | L12: =L13+L14+L15 -> 20857048 | M12: =M13+M14+M15 -> 8004998 | N12: =(G12-E12)/E12 -> 0.024163393 | O12: =O13+O14+O15 -> 30593769 | P12: =P13+P14+P15 -> 31817520 | S12: =S13+S14+S15 -> #REF! | T12: =T13+T14+T15 -> #REF! | U12: =U13+U14+U15 -> #REF! | V12: =V13+V14+V15 -> #REF! | W12: =W13+W14+W15 -> #REF! | X12: =X13+X14+X15 -> #REF! | Y12: =Y13+Y14+Y15 -> #REF!
A13: 1.1. | B13: Выручка от реализации сетевых услуг | C13: тыс.руб. | D13: 25297379 | E13: 25675279 | F13: =(E13-D13)/D13 -> 0.014938326 | G13: =L13+M13 -> 26157825 | H13: 6909076.4 | I13: 6340104.5 | J13: =H13+I13 -> 13249181 | K13: 6153642.5 | L13: =J13+K13 -> 19402823 | M13: 6755001.1 | N13: =(G13-E13)/E13 -> 0.018794148 | O13: =G13*1.06 -> 27727294 | P13: =O13*1.04 -> 28836386 | S13: =#REF!+#REF! -> #REF! | T13: =#REF!+#REF! -> #REF! | U13: =#REF!+#REF! -> #REF! | V13: =#REF!+#REF! -> #REF! | W13: =#REF!+#REF! -> #REF! | X13: =#REF!+#REF! -> #REF! | Y13: =#REF!+#REF! -> #REF!
A14: 1.2. | B14: Выручка от техприсоединения (в том числе орг.услуги) | C14: тыс.руб. | D14: 659281 | E14: 1525463.6 | F14: =(E14-D14)/D14 -> 1.3138291 | G14: =L14+M14 -> 1847937.3 | H14: 351117.34 | I14: 221924.54 | J14: =H14+I14 -> 573041.88 | K14: 310652.98 | L14: =J14+K14 -> 883694.87 | M14: 964242.45 | N14: =(G14-E14)/E14 -> 0.21139395 | O14: =G14*1.06 -> 1958813.6 | P14: =O14*1.04 -> 2037166.1 | S14: =X14+Y14 -> 0 | V14: =T14+U14 -> 0 | X14: =V14+W14 -> 0
A15: 1.3. | B15: Выручка по прочим видам деятельности | C15: тыс.руб. | D15: 792522.08 | E15: 980352.38 | F15: =(E15-D15)/D15 -> 0.23700324 | G15: =L15+M15 -> 856284.49 | H15: 178563.76 | I15: 200950.8 | J15: =H15+I15 -> 379514.56 | K15: 191015.41 | L15: =J15+K15 -> 570529.97 | M15: 285754.52 | N15: =(G15-E15)/E15 -> -0.12655438 | O15: =G15*1.06 -> 907661.56 | P15: =O15*1.04 -> 943968.02 | S15: =X15+Y15 -> 0 | V15: =T15+U15 -> 0 | X15: =V15+W15 -> 0
A18: II. | B18: Расходы (всего) | C18: тыс.руб. | D18: =D19+D78 -> 24092196 | E18: =E19+E78 -> 23428717 | F18: =(E18-D18)/D18 -> -0.027539159 | G18: =H18+I18+K18+M18 -> 25774768 | H18: =H19+H78 -> 7012431.7 | I18: =I19+I78 -> 5663899.7 | J18: =J19+J78 -> 12644303 | K18: =K19+K78 -> 5836835.9 | L18: =L19+L78 -> 18465350 | M18: =M19+M78 -> 7261600.9 | N18: =(G18-E18)/E18 -> 0.10013571 | O18: =O19+O78 -> 26283903 | P18: =P19+P78 -> 26891472 | S18: =S19+S78 -> 0 | T18: =T19+T78 -> 0 | U18: =U19+U78 -> 0 | V18: =V19+V78 -> 0 | W18: =W19+W78 -> 0 | X18: =X19+X78 -> 0 | Y18: =Y19+Y78 -> 0 | AC18: =AC20+AC21+AC23+AC24+AC26+AC34+AC35+AC42+AC47+AC57+AC63+AC66+AC105+AC109 -> 25268378 | AD18: =AC18-100+2000000 -> 27268278
A19: II.1. | B19: Производственные и управленческие расходы | C19: тыс.руб. | D19: =D20+D21+D22+D26+D34+D35+D42+D47+D57+D63+D66 -> 24092196 | E19: =E20+E21+E22+E26+E34+E35+E42+E47+E57+E63+E66 -> 23428717 | F19: =(E19-D19)/D19 -> -0.027539159 | G19: =H19+I19+K19+M19 -> 25774768 | H19: =H20+H21+H22+H26+H34+H35+H42+H47+H57+H63+H66 -> 7012431.7 | I19: =I20+I21+I22+I26+I34+I35+I42+I47+I57+I63+I66 -> 5663899.7 | J19: =J20+J21+J22+J26+J34+J35+J42+J47+J57+J63+J66 -> 12644303 | K19: =K20+K21+K22+K26+K34+K35+K42+K47+K57+K63+K66 -> 5836835.9 | L19: =L20+L21+L22+L26+L34+L35+L42+L47+L57+L63+L66 -> 18465350 | M19: =M20+M21+M22+M26+M34+M35+M42+M47+M57+M63+M66 -> 7261600.9 | N19: =(G19-E19)/E19 -> 0.10013571 | O19: =O20+O21+O22+O26+O34+O35+O42+O47+O57+O63+O66 -> 26283903 | P19: =P20+P21+P22+P26+P34+P35+P42+P47+P57+P63+P66 -> 26891472 | S19: =S20+S21+S22+S26+S34+S35+S42+S47+S57+S63+S66 -> 0 | T19: =T20+T21+T22+T26+T34+T35+T42+T47+T57+T63+T66 -> 0 | U19: =U20+U21+U22+U26+U34+U35+U42+U47+U57+U63+U66 -> 0 | V19: =V20+V21+V22+V26+V34+V35+V42+V47+V57+V63+V66 -> 0 | W19: =W20+W21+W22+W26+W34+W35+W42+W47+W57+W63+W66 -> 0 | X19: =X20+X21+X22+X26+X34+X35+X42+X47+X57+X63+X66 -> 0 | Y19: =Y20+Y21+Y22+Y26+Y34+Y35+Y42+Y47+Y57+Y63+Y66 -> 0
A20: 2.1. | B20: Покупная электроэнергия (потери) | C20: тыс.руб. | D20: 7500725.8 | E20: 6813590.5 | F20: =(E20-D20)/D20 -> -0.091609172 | G20: =H20+I20+K20+M20 -> 7585657 | H20: 2499723 | I20: 1115221 | J20: =H20+I20 -> 3614944 | K20: 1304555 | L20: =J20+K20 -> 4919499 | M20: 2666158 | N20: =(G20-E20)/E20 -> 0.11331272 | O20: =G20*1.03 -> 7813226.7 | P20: =O20*1.03 -> 8047623.5 | S20: =X20+Y20 -> 0 | V20: =T20+U20 -> 0 | X20: =V20+W20 -> 0 | Y20: ='[20]Расчетный файл_Балансы 12,45%'!Y65+'[20]Расчетный файл_Балансы 12,45%'!Z65+'[20]Расчетный файл_Балансы 12,45%'!AA65 -> 0 | AC20: =G20 -> 7585657
A21: 2.2. | B21: Услуги по передаче электроэнергии по ЕНЭС России | C21: тыс.руб. | D21: 282259.77 | E21: 320955.4 | F21: =(E21-D21)/D21 -> 0.13709228 | G21: =H21+I21+K21+M21 -> 364976.89 | H21: 90355.798 | I21: 85672.014 | J21: =H21+I21 -> 176027.81 | K21: 91851.816 | L21: =J21+K21 -> 267879.63 | M21: 97097.267 | N21: =(G21-E21)/E21 -> 0.13715765 | O21: =G21*1.03 -> 375926.2 | P21: =O21*1.03 -> 387203.99 | S21: =X21+Y21 -> 0 | V21: =T21+U21 -> 0 | X21: =V21+W21 -> 0 | AC21: =G21 -> 364976.89
A22: 2.3. | B22: Затраты на оплату труда (с отчислениями) | C22: тыс.руб. | D22: =D23+D24 -> 7919663.4 | E22: =E23+E24 -> 7770565.9 | F22: =(E22-D22)/D22 -> -0.018826243 | G22: =G23+G24 -> 8487395.5 | H22: =H23+H24 -> 2033322.6 | I22: =I23+I24 -> 2151278.1 | J22: =J23+J24 -> 4184600.7 | K22: =K23+K24 -> 2292591.6 | L22: =L23+L24 -> 6477192.3 | M22: =M23+M24 -> 2010203.3 | N22: =(G22-E22)/E22 -> 0.092249352 | O22: =O23+O24 -> 8635766.4 | P22: =P23+P24 -> 8808481.7 | S22: =S23+S24 -> 0 | T22: =T23+T24 -> 0 | U22: =U23+U24 -> 0 | V22: =V23+V24 -> 0 | W22: =W23+W24 -> 0 | X22: =X23+X24 -> 0 | Y22: =Y23+Y24 -> 0
A23: 2.3.1. | B23: Затраты на оплату труда | C23: тыс.руб. | D23: 6075831.6 | E23: 6001446.3 | F23: =(E23-D23)/D23 -> -0.012242815 | G23: =H23+I23+K23+M23 -> 6512644.3 | H23: 1559265.2 | I23: 1650372.2 | J23: =H23+I23 -> 3209637.3 | K23: 1759261.7 | L23: =J23+K23 -> 4968899.1 | M23: 1543745.2 | N23: =(G23-E23)/E23 -> 0.085179132 | O23: =G23*1.02 -> 6642897.2 | P23: =O23*1.02 -> 6775755.1 | S23: =X23+Y23 -> 0 | V23: =T23+U23 -> 0 | X23: =V23+W23 -> 0 | Z23: =G24/G23 -> 0.30321804 | AC23: =G23*AC11 -> 6187012.1
A24: 2.3.2. | B24: Внебюджетные фонды | C24: тыс.руб. | D24: 1843831.8 | E24: 1769119.5 | F24: =(E24-D24)/D24 -> -0.040520085 | G24: =H24+I24+K24+M24 -> 1974751.2 | H24: 474057.39 | I24: 500905.92 | J24: =H24+I24 -> 974963.32 | K24: 533329.88 | L24: =J24+K24 -> 1508293.2 | M24: 466458.02 | N24: =(G24-E24)/E24 -> 0.11623391 | O24: =O23*0.3 -> 1992869.2 | P24: =P23*0.3 -> 2032726.5 | S24: =X24+Y24 -> 0 | V24: =T24+U24 -> 0 | X24: =V24+W24 -> 0 | AC24: =G24*AC11 -> 1876013.7
A26: 2.4. | B26: Материалы | C26: тыс.руб. | D26: =SUM(D27:D33) -> 653994.73 | E26: =SUM(E27:E33) -> 767976.89 | F26: =(E26-D26)/D26 -> 0.17428606 | G26: =SUM(G27:G33) -> 727756.69 | H26: =SUM(H27:H33) -> 187324.5 | I26: =SUM(I27:I33) -> 191029.23 | J26: =SUM(J27:J33) -> 346325.73 | K26: =SUM(K27:K33) -> 199923.38 | L26: =SUM(L27:L33) -> 530460.12 | M26: =SUM(M27:M33) -> 212705.17 | N26: =(G26-E26)/E26 -> -0.052371633 | O26: =SUM(O27:O33) -> 742311.82 | P26: =SUM(P27:P33) -> 757158.06 | S26: =SUM(S27:S33) -> 0 | T26: =SUM(T27:T33) -> 0 | U26: =SUM(U27:U33) -> 0 | V26: =SUM(V27:V33) -> 0 | W26: =SUM(W27:W33) -> 0 | X26: =SUM(X27:X33) -> 0 | Y26: =SUM(Y27:Y33) -> 0 | AC26: =G26*AC11 -> 691368.85
A27: 2.4.1. | B27: Канцелярские, почтово-телеграфные расходы, бумага, бланки | C27: тыс.руб. | D27: 19970.328 | E27: 23896.457 | F27: =(E27-D27)/D27 -> 0.1965981 | G27: =H27+I27+K27+M27 -> 24793.4 | H27: 6806.9 | I27: 5759.5 | J27: =H27+I27 -> 12566.4 | K27: 5723.5 | L27: =J27+K27 -> 18289.9 | M27: 6503.5 | N27: =(G27-E27)/E27 -> 0.037534565 | O27: =G27*1.02 -> 25289.268 | P27: =O27*1.02 -> 25795.053 | S27: =X27+Y27 -> 0 | V27: =T27+U27 -> 0 | X27: =V27+W27 -> 0
A28: 2.4.2. | B28: Инвентарь и инструменты производственного назначения | C28: тыс.руб. | D28: 26013.723 | E28: 32357.877 | F28: =(E28-D28)/D28 -> 0.24387716 | G28: =H28+I28+K28+M28 -> 34313.22 | H28: 8553.99 | I28: 8875.99 | J28: =H28+I28 -> 17429.98 | K28: 8361.99 | L28: =J28+K28 -> 25791.97 | M28: 8521.25 | N28: =(G28-E28)/E28 -> 0.06042867 | O28: =G28*1.02 -> 34999.484 | P28: =O28*1.02 -> 35699.474 | S28: =X28+Y28 -> 0 | V28: =T28+U28 -> 0 | X28: =V28+W28 -> 0
A29: 2.4.3. | B29: Материалы непроизводственного назначения | E29: 349622.64 | H29: 15812 | I29: 16216 | K29: 15789 | M29: 15408.6 | O29: =G29*1.02 -> 0 | P29: =O29*1.02 -> 0
A30: 2.4.4. | B30: Материалы на эксплуатацию и ремонт АИИСКУЭ | C30: тыс.руб. | D30: 331364.56 | E30: 245586.91 | F30: =(E30-D30)/D30 -> -0.25886187 | G30: =H30+I30+K30+M30 -> 356408.36 | H30: 79890.96 | I30: 90635 | J30: =H30+I30 -> 170525.96 | K30: 90382.5 | L30: =J30+K30 -> 260908.46 | M30: 95499.9 | N30: =(G30-E30)/E30 -> 0.45125146 | O30: =G30*1.02 -> 363536.53 | P30: =O30*1.02 -> 370807.26 | S30: =X30+Y30 -> 0 | V30: =T30+U30 -> 0 | X30: =V30+W30 -> 0
A31: 2.4.5. | B31: Спецодежда, спецобувь, СИЗ | C31: тыс.руб. | D31: 232017.29 | E31: 63608.697 | F31: =(E31-D31)/D31 -> -0.72584501 | G31: =H31+I31+K31+M31 -> 259341.35 | H31: 63351.165 | I31: 56125.749 | J31: =H31+I31 -> 119476.91 | K31: 66431.903 | L31: =J31+K31 -> 185908.82 | M31: 73432.531 | N31: =(G31-E31)/E31 -> 3.0771366 | O31: =G31*1.02 -> 264528.17 | P31: =O31*1.02 -> 269818.74 | S31: =X31+Y31 -> 0 | V31: =T31+U31 -> 0 | X31: =V31+W31 -> 0
A32: 2.4.6. | B32: Резерв под снижение стоимости запасов | C32: тыс.руб. | D32: 0 | G32: =H32+I32+K32+M32 -> 0 | J32: =H32+I32 -> 0 | L32: =J32+K32 -> 0 | O32: =G32*1.02 -> 0 | P32: =O32*1.02 -> 0 | S32: =X32+Y32 -> 0 | V32: =T32+U32 -> 0 | X32: =V32+W32 -> 0
A33: 2.4.6. | B33: Прочие вспомогательные материалы | C33: тыс.руб. | D33: 44628.83 | E33: 52904.307 | F33: =(E33-D33)/D33 -> 0.18542895 | G33: =H33+I33+K33+M33 -> 52900.36 | H33: 12909.49 | I33: 13416.99 | J33: =H33+I33 -> 26326.48 | K33: 13234.49 | L33: =J33+K33 -> 39560.97 | M33: 13339.39 | N33: =(G33-E33)/E33 -> -7.4608806e-05 | O33: =G33*1.02 -> 53958.367 | P33: =O33*1.02 -> 55037.535 | S33: =X33+Y33 -> 0 | V33: =T33+U33 -> 0 | X33: =V33+W33 -> 0
A34: 2.5. | B34: Амортизация | C34: тыс.руб. | D34: 4421209 | E34: 4227639.5 | F34: =(E34-D34)/D34 -> -0.043782028 | G34: =H34+I34+K34+M34 -> 4950375.1 | H34: 1193313 | I34: 1219703.4 | J34: =H34+I34 -> 2413016.4 | K34: 1252490.5 | L34: =J34+K34 -> 3665506.9 | M34: 1284868.2 | N34: =(G34-E34)/E34 -> 0.17095487 | O34: =G34*1.02 -> 5049382.6 | P34: =O34*1.02 -> 5150370.2 | S34: =X34+Y34 -> 0 | V34: =T34+U34 -> 0 | X34: =V34+W34 -> 0 | AC34: =G34 -> 4950375.1
A35: 2.6. | B35: Аренда | C35: тыс.руб. | D35: =SUM(D36:D39)+D41 -> 1314232.4 | E35: =SUM(E36:E39)+E41 -> 1357596.9 | F35: =(E35-D35)/D35 -> 0.032996031 | G35: =SUM(G36:G39)+G41 -> 1347859.4 | H35: =SUM(H36:H39)+H41 -> 336434.3 | I35: =SUM(I36:I39)+I41 -> 337145.29 | J35: =SUM(J36:J39)+J41 -> 673579.58 | K35: =SUM(K36:K39)+K41 -> 337085.09 | L35: =SUM(L36:L39)+L41 -> 1010664.7 | M35: =SUM(M36:M39)+M41 -> 337194.72 | N35: =(G35-E35)/E35 -> -0.007172607 | O35: =SUM(O36:O39)+O41 -> 1374816.6 | P35: =SUM(P36:P39)+P41 -> 1402312.9 | S35: =SUM(S36:S39)+S41 -> 0 | T35: =SUM(T36:T39)+T41 -> 0 | U35: =SUM(U36:U39)+U41 -> 0 | V35: =SUM(V36:V39)+V41 -> 0 | W35: =SUM(W36:W39)+W41 -> 0 | X35: =SUM(X36:X39)+X41 -> 0 | Y35: =SUM(Y36:Y39)+Y41 -> 0 | AC35: =G35*AC11 -> 1280466.4
A36: 2.6.1. | B36: Аренда электрических сетей | C36: тыс.руб. | D36: 765295 | E36: 950178.84 | F36: =(E36-D36)/D36 -> 0.24158506 | G36: =H36+I36+K36+M36 -> 840350.25 | H36: 210085.79 | I36: 210087.79 | J36: =H36+I36 -> 420173.58 | K36: 210088.79 | L36: =J36+K36 -> 630262.36 | M36: 210087.89 | N36: =(G36-E36)/E36 -> -0.11558728 | O36: =G36*1.02 -> 857157.26 | P36: =O36*1.02 -> 874300.4 | S36: =X36+Y36 -> 0 | V36: =T36+U36 -> 0 | X36: =V36+W36 -> 0
A37: 2.6.2. | B37: Офисные здания, производственные помещения | C37: тыс.руб. | D37: 235342.05 | E37: 244341.06 | F37: =(E37-D37)/D37 -> 0.038237997 | G37: =H37+I37+K37+M37 -> 285221.11 | H37: 70734.46 | I37: 71484.45 | J37: =H37+I37 -> 142218.91 | K37: 71415.45 | L37: =J37+K37 -> 213634.36 | M37: 71586.75 | N37: =(G37-E37)/E37 -> 0.16730733 | O37: =G37*1.02 -> 290925.53 | P37: =O37*1.02 -> 296744.04 | S37: =X37+Y37 -> 0 | V37: =T37+U37 -> 0 | X37: =V37+W37 -> 0
A38: 2.6.3. | B38: Оборудование | C38: тыс.руб. | D38: 344.9702 | E38: 691.65708 | F38: =(E38-D38)/D38 -> 1.0049763 | G38: =H38+I38+K38+M38 -> 1287.184 | H38: 322.296 | I38: 321.296 | J38: =H38+I38 -> 643.592 | K38: 321.296 | L38: =J38+K38 -> 964.888 | M38: 322.29604 | N38: =(G38-E38)/E38 -> 0.86101477 | O38: =G38*1.02 -> 1312.9277 | P38: =O38*1.02 -> 1339.1863 | S38: =X38+Y38 -> 0 | V38: =T38+U38 -> 0 | X38: =V38+W38 -> 0
A39: 2.6.4. | B39: Транспорт | C39: тыс.руб. | D39: 290217.4 | E39: 140360.02 | F39: =(E39-D39)/D39 -> -0.51636249 | G39: =H39+I39+K39+M39 -> 195127 | H39: 48778.399 | I39: 48778.399 | J39: =H39+I39 -> 97556.797 | K39: 48795.399 | L39: =J39+K39 -> 146352.2 | M39: 48774.804 | N39: =(G39-E39)/E39 -> 0.39018932 | O39: =G39*1.02 -> 199029.54 | P39: =O39*1.02 -> 203010.13 | S39: =X39+Y39 -> 0 | V39: =T39+U39 -> 0 | X39: =V39+W39 -> 0
B40: в т.ч. лизинг | C40: тыс.руб. | D40: 256273.06 | E40: 116611.09 | F40: =(E40-D40)/D40 -> -0.54497326 | G40: =H40+I40+K40+M40 -> 180750 | H40: 45187.5 | I40: 45187.5 | J40: =H40+I40 -> 90375 | K40: 45187.5 | L40: =J40+K40 -> 135562.5 | M40: 45187.5 | N40: =(G40-E40)/E40 -> 0.55002405 | O40: =G40*1.02 -> 184365 | P40: =O40*1.02 -> 188052.3 | S40: =X40+Y40 -> 0 | V40: =T40+U40 -> 0 | X40: =V40+W40 -> 0
A41: 2.6.6. | B41: Прочая | C41: тыс.руб. | D41: 23033.033 | E41: 22025.326 | F41: =(E41-D41)/D41 -> -0.043750485 | G41: =H41+I41+K41+M41 -> 25873.845 | H41: 6513.3538 | I41: 6473.3538 | J41: =H41+I41 -> 12986.708 | K41: 6464.1538 | L41: =J41+K41 -> 19450.862 | M41: 6422.9838 | N41: =(G41-E41)/E41 -> 0.17473153 | O41: =G41*1.02 -> 26391.322 | P41: =O41*1.02 -> 26919.149 | S41: =X41+Y41 -> 0 | V41: =T41+U41 -> 0 | X41: =V41+W41 -> 0
A42: 2.7. | B42: Расходы на содержание автотранспорта | C42: тыс.руб. | D42: =SUM(D43:D46) -> 392457.36 | E42: =SUM(E43:E46) -> 416530.5 | F42: =(E42-D42)/D42 -> 0.061339523 | G42: =SUM(G43:G46) -> 432156.68 | H42: =SUM(H43:H46) -> 114833.59 | I42: =SUM(I43:I46) -> 104450.42 | J42: =SUM(J43:J46) -> 219284.01 | K42: =SUM(K43:K46) -> 102968.88 | L42: =SUM(L43:L46) -> 322252.89 | M42: =SUM(M43:M46) -> 109903.79 | N42: =(G42-E42)/E42 -> 0.037515084 | O42: =SUM(O43:O46) -> 440799.81 | P42: =SUM(P43:P46) -> 449615.81 | S42: =SUM(S43:S46) -> 0 | T42: =SUM(T43:T46) -> 0 | U42: =SUM(U43:U46) -> 0 | V42: =SUM(V43:V46) -> 0 | W42: =SUM(W43:W46) -> 0 | X42: =SUM(X43:X46) -> 0 | Y42: =SUM(Y43:Y46) -> 0 | AC42: =G42*AC11 -> 410548.85
A43: 2.7.1. | B43: Бензин, ГСМ | C43: тыс.руб. | D43: 195126.89 | E43: 216842.33 | F43: =(E43-D43)/D43 -> 0.11128886 | G43: =H43+I43+K43+M43 -> 225777.76 | H43: 65386.582 | I43: 51657.837 | J43: =H43+I43 -> 117044.42 | K43: 52362.468 | L43: =J43+K43 -> 169406.89 | M43: 56370.873 | N43: =(G43-E43)/E43 -> 0.041207015 | O43: =G43*1.02 -> 230293.32 | P43: =O43*1.02 -> 234899.18 | S43: =X43+Y43 -> 0 | V43: =T43+U43 -> 0 | X43: =V43+W43 -> 0 | AC43: =G43*AC11 -> 214488.87
A44: 2.7.2. | B44: Материалы, запчасти на ремонт автотранспорта | C44: тыс.руб. | D44: 50878.98 | E44: 49528.382 | F44: =(E44-D44)/D44 -> -0.026545295 | G44: =H44+I44+K44+M44 -> 50665.54 | H44: 12488.51 | I44: 12771.656 | J44: =H44+I44 -> 25260.166 | K44: 11648.9 | L44: =J44+K44 -> 36909.066 | M44: 13756.474 | N44: =(G44-E44)/E44 -> 0.022959714 | O44: =G44*1.02 -> 51678.851 | P44: =O44*1.02 -> 52712.428 | S44: =X44+Y44 -> 0 | V44: =T44+U44 -> 0 | X44: =V44+W44 -> 0
A45: 2.7.3. | B45: Услуги по ремонту,ТО и техосмотру автотранспорта | C45: тыс.руб. | D45: 102948.38 | E45: 124089.12 | F45: =(E45-D45)/D45 -> 0.20535283 | G45: =H45+I45+K45+M45 -> 140398.5 | H45: 33621.876 | I45: 35643.305 | J45: =H45+I45 -> 69265.181 | K45: 35312.891 | L45: =J45+K45 -> 104578.07 | M45: 35820.428 | N45: =(G45-E45)/E45 -> 0.1314328 | O45: =G45*1.02 -> 143206.47 | P45: =O45*1.02 -> 146070.6 | S45: =X45+Y45 -> 0 | V45: =T45+U45 -> 0 | X45: =V45+W45 -> 0
A46: 2.7.4. | B46: Прочие расходы | C46: тыс.руб. | D46: 43503.111 | E46: 26070.666 | F46: =(E46-D46)/D46 -> -0.4007172 | G46: =H46+I46+K46+M46 -> 15314.88 | H46: 3336.62 | I46: 4377.62 | J46: =H46+I46 -> 7714.24 | K46: 3644.62 | L46: =J46+K46 -> 11358.86 | M46: 3956.02 | N46: =(G46-E46)/E46 -> -0.41256276 | O46: =G46*1.02 -> 15621.178 | P46: =O46*1.02 -> 15933.601 | S46: =X46+Y46 -> 0 | V46: =T46+U46 -> 0 | X46: =V46+W46 -> 0
A47: 2.8. | B47: Работы и услуги сторонних организаций производственного характера, в т.ч. | C47: тыс.руб. | D47: =SUM(D48:D52) -> 389451.54 | E47: =SUM(E48:E52) -> 684003.72 | F47: =(E47-D47)/D47 -> 0.75632562 | G47: =SUM(G48:G52) -> 505077.96 | H47: =SUM(H48:H52) -> 92716.285 | I47: =SUM(I48:I52) -> 131388.9 | J47: =SUM(J48:J52) -> 224105.19 | K47: =SUM(K48:K52) -> 152156.32 | L47: =SUM(L48:L52) -> 376261.5 | M47: =SUM(M48:M52) -> 128816.45 | N47: =(G47-E47)/E47 -> -0.26158595 | O47: =SUM(O48:O52) -> 515179.51 | P47: =SUM(P48:P52) -> 525483.1 | S47: =SUM(S48:S52) -> 0 | T47: =SUM(T48:T52) -> 0 | U47: =SUM(U48:U52) -> 0 | V47: =SUM(V48:V52) -> 0 | W47: =SUM(W48:W52) -> 0 | X47: =SUM(X48:X52) -> 0 | Y47: =SUM(Y48:Y52) -> 0 | AC47: =G47*AC11 -> 479824.06
A48: 2.8.1. | B48: Работы по капремонту | C48: тыс.руб. | D48: 80000 | E48: 141165.77 | F48: =(E48-D48)/D48 -> 0.76457216 | G48: =H48+I48+K48+M48 -> 100000 | H48: 25000 | I48: 25000 | J48: =H48+I48 -> 50000 | K48: 25000 | L48: =J48+K48 -> 75000 | M48: 25000 | N48: =(G48-E48)/E48 -> -0.29161299 | O48: =G48*1.02 -> 102000 | P48: =O48*1.02 -> 104040 | S48: =X48+Y48 -> 0 | V48: =T48+U48 -> 0 | X48: =V48+W48 -> 0
A49: 2.8.2. | B49: Услуги по ремонтно-эксплуатационному обслуживанию эл.сетей и АИИСКУЭ | C49: тыс.руб. | D49: 8668.2 | E49: 10720.013 | G49: =H49+I49+K49+M49 -> 13239.996 | H49: 3270.749 | I49: 3292.749 | J49: =H49+I49 -> 6563.498 | K49: 3309.749 | L49: =J49+K49 -> 9873.247 | M49: 3366.749 | N49: =IFERROR((G49-E49)/E49,"") -> 0.23507276 | O49: =G49*1.02 -> 13504.796 | P49: =O49*1.02 -> 13774.892 | S49: =X49+Y49 -> 0 | V49: =T49+U49 -> 0 | X49: =V49+W49 -> 0
A50: 2.8.3. | B50: Услуги по коммерческому учету и формированию полезного отпуска э/энергии | C50: тыс.руб. | D50: 3207 | E50: 3050.7402 | F50: =(E50-D50)/D50 -> -0.048724606 | G50: =H50+I50+K50+M50 -> 608.204 | H50: 152.201 | I50: 152.001 | J50: =H50+I50 -> 304.202 | K50: 152.001 | L50: =J50+K50 -> 456.203 | M50: 152.001 | N50: =(G50-E50)/E50 -> -0.80063723 | O50: =G50*1.02 -> 620.36808 | P50: =O50*1.02 -> 632.77544 | S50: =X50+Y50 -> 0 | V50: =T50+U50 -> 0 | X50: =V50+W50 -> 0
A51: 2.8.4. | B51: Расходы на выполнение работ, связанных с техприсоединением | C51: тыс.руб. | D51: 29564 | E51: 3558.2282 | F51: =(E51-D51)/D51 -> -0.87964321 | G51: =H51+I51+K51+M51 -> 44203.002 | H51: 7825.364 | I51: 7966.546 | J51: =H51+I51 -> 15791.91 | K51: 8141.546 | L51: =J51+K51 -> 23933.456 | M51: 20269.546 | N51: =(G51-E51)/E51 -> 11.422756 | O51: =G51*1.02 -> 45087.062 | P51: =O51*1.02 -> 45988.803 | S51: =X51+Y51 -> 0 | V51: =T51+U51 -> 0 | X51: =V51+W51 -> 0
A52: 2.8.5. | B52: Прочие услуги сторонних организаций, в том числе | C52: тыс.руб. | D52: =D53+D54+D55+D56 -> 268012.34 | E52: =E53+E54+E55+E56 -> 525508.96 | F52: =(E52-D52)/D52 -> 0.96076406 | G52: =H52+I52+K52+M52 -> 347026.75 | H52: =H53+H54+H55+H56 -> 56467.971 | I52: =I53+I54+I55+I56 -> 94977.605 | J52: =H52+I52 -> 151445.58 | K52: =K53+K54+K55+K56 -> 115553.02 | L52: =J52+K52 -> 266998.6 | M52: =M53+M54+M55+M56 -> 80028.157 | N52: =(G52-E52)/E52 -> -0.33963685 | O52: =G52*1.02 -> 353967.29 | P52: =O52*1.02 -> 361046.63 | S52: =X52+Y52 -> 0 | T52: =T53+T54+T55+T56 -> 0 | U52: =U53+U54+U55+U56 -> 0 | V52: =T52+U52 -> 0 | W52: =W53+W54+W55+W56 -> 0 | X52: =SUM(X53:X56) -> 0
B53: расходы на сертификацию | C53: тыс.руб. | D53: 981.82573 | E53: 57.40226 | F53: =(E53-D53)/D53 -> -0.94153518 | G53: =H53+I53+K53+M53 -> 153.14318 | H53: 38.285794 | I53: 38.285794 | J53: =H53+I53 -> 76.571589 | K53: 38.285794 | L53: =J53+K53 -> 114.85738 | M53: 38.285794 | N53: =(G53-E53)/E53 -> 1.6678946 | O53: =G53*1.02 -> 156.20604 | P53: =O53*1.02 -> 159.33016 | S53: =X53+Y53 -> 0 | V53: =T53+U53 -> 0 | X53: =V53+W53 -> 0
B54: поверка приборов учета, проведение экспертиз | C54: тыс.руб. | D54: 24274.157 | E54: 21282.27 | F54: =(E54-D54)/D54 -> -0.123254 | G54: =H54+I54+K54+M54 -> 34878.396 | H54: 5992.909 | I54: 9596.289 | J54: =H54+I54 -> 15589.198 | K54: 11054.789 | L54: =J54+K54 -> 26643.987 | M54: 8234.409 | N54: =(G54-E54)/E54 -> 0.63884755 | O54: =G54*1.02 -> 35575.964 | P54: =O54*1.02 -> 36287.483 | S54: =X54+Y54 -> 0 | V54: =T54+U54 -> 0 | X54: =V54+W54 -> 0
B55: техническое освидетельствование эл.сетевого имущества | C55: тыс.руб. | D55: 10489 | E55: 9899.0827 | F55: =(E55-D55)/D55 -> -0.056241523 | G55: =H55+I55+K55+M55 -> 11821.43 | I55: 1201.241 | J55: =H55+I55 -> 1201.241 | K55: 10620.189 | L55: =J55+K55 -> 11821.43 | N55: =(G55-E55)/E55 -> 0.19419449 | O55: =G55*1.02 -> 12057.859 | P55: =O55*1.02 -> 12299.016 | S55: =X55+Y55 -> 0 | V55: =T55+U55 -> 0 | X55: =V55+W55 -> 0
B56: прочее | C56: тыс.руб. | D56: 232267.36 | E56: 494270.21 | F56: =(E56-D56)/D56 -> 1.1280227 | G56: =H56+I56+K56+M56 -> 300173.78 | H56: 50436.776 | I56: 84141.789 | J56: =H56+I56 -> 134578.57 | K56: 93839.756 | L56: =J56+K56 -> 228418.32 | M56: 71755.463 | N56: =(G56-E56)/E56 -> -0.39269295 | O56: =G56*1.02 -> 306177.26 | P56: =O56*1.02 -> 312300.8 | S56: =X56+Y56 -> 0 | V56: =T56+U56 -> 0 | X56: =V56+W56 -> 0
A57: 2.9. | B57: Страхование | C57: тыс.руб. | D57: =SUM(D58:D62) -> 308574.95 | E57: =SUM(E58:E62) -> 249949.34 | F57: =(E57-D57)/D57 -> -0.18998823 | G57: =SUM(G58:G62) -> 271726.66 | H57: =SUM(H58:H62) -> 65752.454 | I57: =SUM(I58:I62) -> 67733.005 | J57: =SUM(J58:J62) -> 133485.46 | K57: =SUM(K58:K62) -> 68836.144 | L57: =SUM(L58:L62) -> 202321.6 | M57: =SUM(M58:M62) -> 69405.06 | N57: =(G57-E57)/E57 -> 0.087126924 | O57: =SUM(O58:O62) -> 277161.2 | P57: =SUM(P58:P62) -> 282704.42 | S57: =SUM(S58:S62) -> 0 | T57: =SUM(T58:T62) -> 0 | U57: =SUM(U58:U62) -> 0 | V57: =SUM(V58:V62) -> 0 | W57: =SUM(W58:W62) -> 0 | X57: =SUM(X58:X62) -> 0 | Y57: =SUM(Y58:Y62) -> 0 | AC57: =G57*AC11 -> 258140.33
A58: 2.9.1. | B58: КАСКО | C58: тыс.руб. | D58: 7270.9 | E58: 1819.3975 | F58: =(E58-D58)/D58 -> -0.74976997 | G58: =H58+I58+K58+M58 -> 27873.092 | H58: 7373.8486 | I58: 7351.2854 | J58: =H58+I58 -> 14725.134 | K58: 6490.979 | L58: =J58+K58 -> 21216.113 | M58: 6656.979 | N58: =(G58-E58)/E58 -> 14.319957 | O58: =G58*1.02 -> 28430.554 | P58: =O58*1.02 -> 28999.165 | S58: =X58+Y58 -> 0 | V58: =T58+U58 -> 0 | X58: =V58+W58 -> 0
A59: 2.9.2. | B59: ОСАГО | C59: тыс.руб. | D59: 260000 | E59: 216742.17 | F59: =(E59-D59)/D59 -> -0.16637629 | G59: =H59+I59+K59+M59 -> 5134 | H59: 1304.1357 | I59: 1307.432 | J59: =H59+I59 -> 2611.5677 | K59: 1267.5939 | L59: =J59+K59 -> 3879.1616 | M59: 1254.8384 | N59: =(G59-E59)/E59 -> -0.97631287 | O59: =G59*1.02 -> 5236.68 | P59: =O59*1.02 -> 5341.4136 | S59: =X59+Y59 -> 0 | V59: =T59+U59 -> 0 | X59: =V59+W59 -> 0
A60: 2.9.3. | B60: Добровольное медицинское страхование | C60: тыс.руб. | D60: 8182.5269 | E60: 4594.9289 | F60: =(E60-D60)/D60 -> -0.43844622 | G60: =H60+I60+K60+M60 -> 236412.67 | H60: 56500 | I60: 58500 | J60: =H60+I60 -> 115000 | K60: 60500 | L60: =J60+K60 -> 175500 | M60: 60912.67 | N60: =(G60-E60)/E60 -> 50.450779 | O60: =G60*1.02 -> 241140.92 | P60: =O60*1.02 -> 245963.74 | S60: =X60+Y60 -> 0 | V60: =T60+U60 -> 0 | X60: =V60+W60 -> 0
A61: 2.9.4. | B61: Страхование гражданской ответственности организации, эксплуатирующей опасные объекты | C61: тыс.руб. | D61: 32797.19 | E61: 26652.526 | F61: =(E61-D61)/D61 -> -0.18735337 | G61: =H61+I61+K61+M61 -> 206.99025 | H61: 49.491943 | I61: 49.309793 | J61: =H61+I61 -> 98.801735 | K61: 52.593432 | L61: =J61+K61 -> 151.39517 | M61: 55.595082 | N61: =(G61-E61)/E61 -> -0.99223375 | O61: =G61*1.02 -> 211.13005 | P61: =O61*1.02 -> 215.35266 | S61: =X61+Y61 -> 0 | V61: =T61+U61 -> 0 | X61: =V61+W61 -> 0
A62: 2.9.5. | B62: Страхование от несчастных случаев | C62: тыс.руб. | D62: 324.3352 | E62: 140.32638 | F62: =(E62-D62)/D62 -> -0.56734152 | G62: =H62+I62+K62+M62 -> 2099.91 | H62: 524.9775 | I62: 524.9775 | J62: =H62+I62 -> 1049.955 | K62: 524.9775 | L62: =J62+K62 -> 1574.9325 | M62: 524.9775 | N62: =(G62-E62)/E62 -> 13.964471 | O62: =G62*1.02 -> 2141.9082 | P62: =O62*1.02 -> 2184.7464 | S62: =X62+Y62 -> 0 | V62: =T62+U62 -> 0 | X62: =V62+W62 -> 0
A63: 2.10. | B63: Налоги из себестоимости | C63: тыс.руб. | D63: =SUM(D64:D65) -> 14926.143 | E63: =SUM(E64:E65) -> 14853.631 | F63: =(E63-D63)/D63 -> -0.0048580447 | G63: =SUM(G64:G65) -> 16703.084 | H63: =SUM(H64:H65) -> 4172.521 | I63: =SUM(I64:I65) -> 4175.521 | J63: =SUM(J64:J65) -> 8348.042 | K63: =SUM(K64:K65) -> 4175.521 | L63: =SUM(L64:L65) -> 12523.563 | M63: =SUM(M64:M65) -> 4179.521 | N63: =(G63-E63)/E63 -> 0.12451184 | O63: =SUM(O64:O65) -> 17037.146 | P63: =SUM(P64:P65) -> 17377.889 | S63: =SUM(S64:S65) -> 0 | T63: =SUM(T64:T65) -> 0 | U63: =SUM(U64:U65) -> 0 | V63: =SUM(V64:V65) -> 0 | W63: =SUM(W64:W65) -> 0 | X63: =SUM(X64:X65) -> 0 | Y63: =SUM(Y64:Y65) -> 0 | AC63: =G63 -> 16703.084
A64: 2.10.1. | B64: Транспортный налог | C64: тыс.руб. | D64: 6753.3261 | E64: 6774.222 | F64: =(E64-D64)/D64 -> 0.0030941687 | G64: =H64+I64+K64+M64 -> 7678.9639 | H64: 1918.241 | I64: 1920.241 | J64: =H64+I64 -> 3838.482 | K64: 1920.241 | L64: =J64+K64 -> 5758.723 | M64: 1920.241 | N64: =(G64-E64)/E64 -> 0.13355658 | O64: =G64*1.02 -> 7832.5432 | P64: =O64*1.02 -> 7989.1941 | S64: =X64+Y64 -> 0 | V64: =T64+U64 -> 0 | X64: =V64+W64 -> 0
A65: 2.10.2. | B65: Платежи за землю | C65: тыс.руб. | D65: 8172.8168 | E65: 8079.409 | F65: =(E65-D65)/D65 -> -0.011429083 | G65: =H65+I65+K65+M65 -> 9024.12 | H65: 2254.28 | I65: 2255.28 | J65: =H65+I65 -> 4509.56 | K65: 2255.28 | L65: =J65+K65 -> 6764.84 | M65: 2259.28 | N65: =(G65-E65)/E65 -> 0.11692823 | O65: =G65*1.02 -> 9204.6024 | P65: =O65*1.02 -> 9388.6944 | S65: =X65+Y65 -> 0 | V65: =T65+U65 -> 0 | X65: =V65+W65 -> 0
A66: 2.11. | B66: Прочие расходы из себестоимости | C66: тыс.руб. | D66: =SUM(D67:D76) -> 894700.62 | E66: =SUM(E67:E76) -> 805054.63 | F66: =(E66-D66)/D66 -> -0.10019663 | G66: =L66+M66 -> 1021857.6 | H66: =SUM(H67:H76) -> 394483.72 | I66: =SUM(I67:I76) -> 256102.73 | J66: =SUM(J67:J76) -> 650586.45 | K66: =SUM(K67:K76) -> 30201.643 | L66: =SUM(L67:L76) -> 680788.1 | M66: =SUM(M67:M76) -> 341069.48 | N66: =(G66-E66)/E66 -> 0.26930215 | O66: =SUM(O67:O76) -> 1042294.7 | P66: =SUM(P67:P76) -> 1063140.6 | S66: =SUM(S67:S76) -> 0 | T66: =SUM(T67:T76) -> 0 | U66: =SUM(U67:U76) -> 0 | V66: =SUM(V67:V76) -> 0 | W66: =SUM(W67:W76) -> 0 | X66: =SUM(X67:X76) -> 0 | Y66: =SUM(Y67:Y76) -> 0 | AC66: =G66*AC11 -> 970764.7
A67: 2.11.1. | B67: Землеустроительные работы по определению охранных зон | C67: тыс.руб. | D67: 50000 | E67: 47102.03 | F67: =(E67-D67)/D67 -> -0.057959404 | G67: =H67+I67+K67+M67 -> 80000 | J67: =H67+I67 -> 0 | K67: 20000 | L67: =J67+K67 -> 20000 | M67: 60000 | N67: =(G67-E67)/E67 -> 0.6984406 | O67: =G67*1.02 -> 81600 | P67: =O67*1.02 -> 83232 | S67: =X67+Y67 -> 0 | V67: =T67+U67 -> 0 | X67: =V67+W67 -> 0
A68: 2.11.2. | B68: Охрана труда | C68: тыс.руб. | D68: 80642.532 | E68: 74234.06 | F68: =(E68-D68)/D68 -> -0.079467639 | G68: =H68+I68+K68+M68 -> 89700.034 | H68: 20658.476 | I68: 23032.476 | J68: =H68+I68 -> 43690.952 | K68: 23432.226 | L68: =J68+K68 -> 67123.178 | M68: 22576.856 | N68: =(G68-E68)/E68 -> 0.20834067 | O68: =G68*1.02 -> 91494.035 | P68: =O68*1.02 -> 93323.915 | S68: =X68+Y68 -> 0 | V68: =T68+U68 -> 0 | X68: =V68+W68 -> 0
A69: 2.11.3. | B69: Расходы на персонал (обучение, аттестация, командировочные, подбор и т.д.) | C69: тыс.руб. | D69: 54283.463 | E69: 44764.909 | F69: =(E69-D69)/D69 -> -0.17534904 | G69: =H69+I69+K69+M69 -> 55924.24 | H69: 13629.86 | I69: 14264.46 | J69: =H69+I69 -> 27894.32 | K69: 14953.16 | L69: =J69+K69 -> 42847.48 | M69: 13076.76 | N69: =(G69-E69)/E69 -> 0.24928746 | O69: =G69*1.02 -> 57042.725 | P69: =O69*1.02 -> 58183.579 | S69: =X69+Y69 -> 0 | V69: =T69+U69 -> 0 | X69: =V69+W69 -> 0
A70: 2.11.4. | B70: Коммунальные услуги (в т.ч. эл/эн, тепло, вода, вывоз ТБО) | C70: тыс.руб. | D70: 153590.75 | E70: 134247.63 | F70: =(E70-D70)/D70 -> -0.12593933 | G70: =H70+I70+K70+M70 -> 160779.44 | H70: 62944.568 | I70: 26930.676 | J70: =H70+I70 -> 89875.244 | K70: 23760.706 | L70: =J70+K70 -> 113635.95 | M70: 47143.494 | N70: =(G70-E70)/E70 -> 0.19763339 | O70: =G70*1.02 -> 163995.03 | P70: =O70*1.02 -> 167274.93 | S70: =X70+Y70 -> 0 | V70: =T70+U70 -> 0 | X70: =V70+W70 -> 0
A71: 2.11.5. | B71: Аудит, информационно-консультационные и юридические услуги, подписка | C71: тыс.руб. | D71: 48925.296 | E71: 35056.046 | F71: =(E71-D71)/D71 -> -0.2834781 | G71: =H71+I71+K71+M71 -> 69316 | H71: 14827.5 | I71: 14032.5 | J71: =H71+I71 -> 28860 | K71: 23179.5 | L71: =J71+K71 -> 52039.5 | M71: 17276.5 | N71: =(G71-E71)/E71 -> 0.97729088 | O71: =G71*1.02 -> 70702.32 | P71: =O71*1.02 -> 72116.366 | S71: =X71+Y71 -> 0 | V71: =T71+U71 -> 0 | X71: =V71+W71 -> 0
A72: 2.11.6. | B72: Услуги связи | C72: тыс.руб. | D72: 66363.579 | E72: 62487.63 | F72: =(E72-D72)/D72 -> -0.058404771 | G72: =H72+I72+K72+M72 -> 71431.36 | H72: 17747.519 | I72: 18046.699 | J72: =H72+I72 -> 35794.218 | K72: 17982.819 | L72: =J72+K72 -> 53777.037 | M72: 17654.323 | N72: =(G72-E72)/E72 -> 0.14312802 | O72: =G72*1.02 -> 72859.987 | P72: =O72*1.02 -> 74317.187 | S72: =X72+Y72 -> 0 | V72: =T72+U72 -> 0 | X72: =V72+W72 -> 0
A73: 2.11.7. | B73: Охрана и безопасность | C73: тыс.руб. | D73: 203195.91 | E73: 188196.25 | F73: =(E73-D73)/D73 -> -0.07381869 | G73: =H73+I73+K73+M73 -> 209182.8 | H73: 51747.47 | I73: 52450.09 | J73: =H73+I73 -> 104197.56 | K73: 53238.11 | L73: =J73+K73 -> 157435.67 | M73: 51747.13 | N73: =(G73-E73)/E73 -> 0.11151418 | O73: =G73*1.02 -> 213366.46 | P73: =O73*1.02 -> 217633.79 | S73: =X73+Y73 -> 0 | V73: =T73+U73 -> 0 | X73: =V73+W73 -> 0
A74: 2.11.8. | B74: Реклама и маркетинг | C74: тыс.руб. | D74: 0 | E74: 4030.833 | F74: =(E74-D74)/D74 -> #DIV/0! | G74: =H74+I74+K74+M74 -> 32423 | H74: 8105.75 | I74: 8105.75 | J74: =H74+I74 -> 16211.5 | K74: 8105.75 | L74: =J74+K74 -> 24317.25 | M74: 8105.75 | N74: =(G74-E74)/E74 -> 7.0437468 | O74: =G74*1.02 -> 33071.46 | P74: =O74*1.02 -> 33732.889 | S74: =X74+Y74 -> 0 | V74: =T74+U74 -> 0 | X74: =V74+W74 -> 0
A75: 2.11.9. | B75: Расходы на программное обеспечение | C75: тыс.руб. | D75: 100467.01 | E75: 96830.944 | F75: =(E75-D75)/D75 -> -0.036191648 | G75: =H75+I75+K75+M75 -> 101541.93 | H75: 26123.232 | I75: 25014.972 | J75: =H75+I75 -> 51138.205 | K75: 25240.432 | L75: =J75+K75 -> 76378.637 | M75: 25163.292 | N75: =(G75-E75)/E75 -> 0.048651649 | O75: =G75*1.02 -> 103572.77 | P75: =O75*1.02 -> 105644.22 | S75: =X75+Y75 -> 0 | V75: =T75+U75 -> 0 | X75: =V75+W75 -> 0
A76: 2.11.10. | B76: Прочее (в том числе резерв на оплату отпусков) | C76: тыс.руб. | D76: 137232.09 | E76: 118104.3 | F76: =(E76-D76)/D76 -> -0.13938275 | G76: =H76+I76+K76+M76 -> 151558.77 | H76: 178699.34 | I76: 74225.111 | J76: =H76+I76 -> 252924.46 | K76: -179691.06 | L76: =J76+K76 -> 73233.395 | M76: 78325.375 | N76: =(G76-E76)/E76 -> 0.28326208 | O76: =G76*1.02 -> 154589.95 | P76: =O76*1.02 -> 157681.74 | S76: =X76+Y76 -> 0 | V76: =T76+U76 -> 0 | X76: =V76+W76 -> 0
A78: II.2 | B78: Коммерческие раходы
A80: III. | B80: Полная себестоимость | C80: тыс.руб. | D80: =SUM(D81:D83) -> 24151386 | E80: =SUM(E81:E83) -> 23428717 | F80: =(E80-D80)/D80 -> -0.029922446 | G80: =SUM(G81:G83) -> 25774768 | H80: =SUM(H81:H83) -> 7012431.7 | I80: =SUM(I81:I83) -> 5663899.7 | J80: =SUM(J81:J83) -> 12676331 | K80: =SUM(K81:K83) -> 5836835.9 | L80: =SUM(L81:L83) -> 18513167 | M80: =SUM(M81:M83) -> 7261600.9 | N80: =(G80-E80)/E80 -> 0.10013571 | O80: =SUM(O81:O83) -> 26283903 | P80: =SUM(P81:P83) -> 26891472 | S80: =SUM(S81:S83) -> 0 | T80: =SUM(T81:T83) -> 0 | U80: =SUM(U81:U83) -> 0 | V80: =SUM(V81:V83) -> 0 | W80: =SUM(W81:W83) -> 0 | X80: =SUM(X81:X83) -> 0 | Y80: =SUM(Y81:Y83) -> 0
A81: 3.1. | B81: Полная себестоимость сетевых услуг | C81: тыс.руб. | D81: 23103412 | E81: 22324308 | F81: =(E81-D81)/D81 -> -0.033722472 | G81: =L81+M81 -> 24559768 | H81: =$H$18*H1 -> 6681871.9 | I81: =$I$18*I1 -> 5396908.4 | J81: =H81+I81 -> 12078780 | K81: =$K$18*K1 -> 5561692.6 | L81: =J81+K81 -> 17640473 | M81: =$M$18*M1 -> 6919295.5 | N81: =(G81-E81)/E81 -> 0.10013571 | O81: =$O$18*O1 -> 25044903 | P81: =$P$18*P1 -> 25623832 | S81: =X81+Y81 -> 0 | V81: =T81+U81 -> 0 | X81: =V81+W81 -> 0
A82: 3.2. | B82: Полная себестоимость услуг по техприсоединению | C82: тыс.руб. | D82: 459315.66 | E82: 418904 | F82: =(E82-D82)/D82 -> -0.087982331 | G82: =L82+M82 -> 460851.25 | H82: =$H$18*H2 -> 125381.84 | I82: =$I$18*I2 -> 101270.17 | J82: =H82+I82 -> 226652.01 | K82: =$K$18*K2 -> 104362.26 | L82: =J82+K82 -> 331014.28 | M82: =$M$18*M2 -> 129836.97 | N82: =(G82-E82)/E82 -> 0.10013571 | O82: =$O$18*O2 -> 469954.54 | P82: =$P$18*P2 -> 480817.85 | S82: =X82+Y82 -> 0 | V82: =T82+U82 -> 0 | X82: =V82+W82 -> 0
A83: 3.3. | B83: Полная себестоимость прочих видов деятельности | C83: тыс.руб. | D83: 588657.7 | E83: 685505 | F83: =(E83-D83)/D83 -> 0.16452227 | G83: =L83+M83 -> 754148.53 | H83: =$H$18*H3 -> 205177.99 | I83: =$I$18*I3 -> 165721.05 | J83: =H83+I83 -> 370899.03 | K83: =$K$18*K3 -> 170781.02 | L83: =J83+K83 -> 541680.05 | M83: =$M$18*M3 -> 212468.47 | N83: =(G83-E83)/E83 -> 0.10013571 | O83: =$O$18*O3 -> 769045.39 | P83: =$P$18*P3 -> 786822.37 | S83: =X83+Y83 -> 0 | V83: =T83+U83 -> 0 | X83: =V83+W83 -> 0
A84: IV. | B84: Прибыль (убыток) от реализации | C84: тыс.руб. | D84: =SUM(D85:D87) -> 2597796.5 | E84: =SUM(E85:E87) -> 4752378.4 | F84: =(E84-D84)/D84 -> 0.82938823 | G84: =SUM(G85:G87) -> 3087278.2 | H84: =SUM(H85:H87) -> 426325.84 | I84: =SUM(I85:I87) -> 1099080.2 | J84: =SUM(J85:J87) -> 1525406 | K84: =SUM(K85:K87) -> 818475.02 | L84: =SUM(L85:L87) -> 2343881 | M84: =SUM(M85:M87) -> 743397.13 | N84: =(G84-E84)/E84 -> -0.35037198 | O84: =SUM(O85:O87) -> 4309866.4 | P84: =SUM(P85:P87) -> 4926047.6 | S84: =SUM(S85:S87) -> #REF! | T84: =SUM(T85:T87) -> 0 | U84: =SUM(U85:U87) -> 0 | V84: =SUM(V85:V87) -> 0 | W84: =SUM(W85:W87) -> 0 | X84: =SUM(X85:X87) -> 0 | Y84: =SUM(Y85:Y87) -> 0
A85: 4.1. | B85: Прибыль (убыток) от реализации по сетевым услугам | C85: тыс.руб. | D85: 2193966.8 | E85: 3350971.5 | F85: =(E85-D85)/D85 -> 0.52735741 | G85: =G13-G81 -> 1598056.1 | H85: =H13-H81 -> 227204.57 | I85: =I13-I81 -> 943196.06 | J85: =J13-J81 -> 1170400.6 | K85: =K13-K81 -> 591949.9 | L85: =L13-L81 -> 1762350.5 | M85: =M13-M81 -> -164294.4 | N85: =(G85-E85)/E85 -> -0.52310662 | O85: =O13-O81 -> 2682391.2 | P85: =P13-P81 -> 3212553.7 | S85: =S13-S81 -> #REF! | V85: =T85+U85 -> 0 | X85: =V85+W85 -> 0
A86: 4.2. | B86: Прибыль (убыток) от техприсоединения | C86: тыс.руб. | D86: 199965.33 | E86: 1106559.6 | F86: =(E86-D86)/D86 -> 4.533757 | G86: =G14-G82 -> 1387086.1 | H86: =H14-H82 -> 225735.5 | I86: =I14-I82 -> 120654.37 | J86: =J14-J82 -> 346389.87 | K86: =K14-K82 -> 206290.72 | L86: =L14-L82 -> 552680.59 | M86: =M14-M82 -> 834405.48 | N86: =(G86-E86)/E86 -> 0.25351235 | O86: =O14-O82 -> 1488859 | P86: =P14-P82 -> 1556348.3 | S86: =S14-S82 -> 0 | V86: =T86+U86 -> 0 | X86: =V86+W86 -> 0
A87: 4.3. | B87: Прибыль (убыток) от реализации по прочим видам деятельности | C87: тыс.руб. | D87: 203864.38 | E87: 294847.38 | F87: =(E87-D87)/D87 -> 0.44629178 | G87: =G15-G83 -> 102135.96 | H87: =H15-H83 -> -26614.229 | I87: =I15-I83 -> 35229.755 | J87: =J15-J83 -> 8615.5254 | K87: =K15-K83 -> 20234.393 | L87: =L15-L83 -> 28849.919 | M87: =M15-M83 -> 73286.043 | N87: =(G87-E87)/E87 -> -0.65359719 | O87: =O15-O83 -> 138616.17 | P87: =P15-P83 -> 157145.65 | S87: =S15-S83 -> 0 | V87: =T87+U87 -> 0 | X87: =V87+W87 -> 0
V88: =T88+U88 -> 0 | X88: =V88+W88 -> 0
A89: V. | B89: Прочие доходы | C89: тыс.руб. | D89: =SUM(D90:D97) -> 1759906.8 | E89: =SUM(E90:E97) -> 2318131 | G89: =SUM(G90:G97) -> 3263783.5 | H89: =SUM(H90:H97) -> 421856.8 | I89: =SUM(I90:I97) -> 396016.26 | J89: =SUM(J90:J97) -> 817873.06 | K89: =SUM(K90:K97) -> 329475.26 | L89: =SUM(L90:L97) -> 1147348.3 | M89: =SUM(M90:M97) -> 2116435.2 | N89: =(G89-E89)/E89 -> 0.4079375 | O89: =SUM(O90:O97) -> 1708246 | P89: =SUM(P90:P97) -> 1208246 | S89: =SUM(S90:S97) -> 0 | T89: =SUM(T90:T97) -> 0 | U89: =SUM(U90:U97) -> 0 | V89: =SUM(V90:V97) -> 0 | W89: =SUM(W90:W97) -> 0 | X89: =SUM(X90:X97) -> 0 | Y89: =SUM(Y90:Y97) -> 0
A90: 5.1. | B90: Проценты к получению | C90: тыс.руб. | D90: 60000 | E90: 51934.688 | F90: =(E90-D90)/D90 -> -0.13442187 | G90: =L90+M90 -> 50000 | H90: 12500 | I90: 12500 | J90: =H90+I90 -> 25000 | K90: 12500 | L90: =J90+K90 -> 37500 | M90: 12500 | N90: =(G90-E90)/E90 -> -0.037252322 | O90: 50000 | P90: 50000 | S90: =X90+Y90 -> 0 | V90: =T90+U90 -> 0 | X90: =V90+W90 -> 0
A91: 5.2. | B91: Доходы от участия в других организациях | C91: тыс.руб. | D91: 0 | G91: =L91+M91 -> 0 | J91: =H91+I91 -> 0 | L91: =J91+K91 -> 0 | N91: =(G91-E91)/E91 -> #DIV/0! | O91: 0 | P91: 0 | S91: =X91+Y91 -> 0 | X91: =V91+W91 -> 0
A92: 5.3. | B92: Реализация ЦБ | C92: тыс.руб. | D92: 0 | G92: =L92+M92 -> 0 | J92: =H92+I92 -> 0 | L92: =J92+K92 -> 0 | N92: =(G92-E92)/E92 -> #DIV/0! | O92: 0 | P92: 0 | S92: =X92+Y92 -> 0 | X92: =V92+W92 -> 0
A93: 5.4. | B93: Реализация ОС и ТМЦ | C93: тыс.руб. | D93: 20095.81 | E93: 39384.24 | F93: =(E93-D93)/D93 -> 0.95982347 | G93: =L93+M93 -> 31848 | H93: 6523 | I93: 8953 | J93: =H93+I93 -> 15476 | K93: 9838 | L93: =J93+K93 -> 25314 | M93: 6534 | N93: =(G93-E93)/E93 -> -0.19135167 | O93: 31848 | P93: 31848 | S93: =X93+Y93 -> 0 | V93: =T93+U93 -> 0 | X93: =V93+W93 -> 0
A94: 5.5. | B94: Убытки прошлых лет | C94: тыс.руб. | D94: 0 | G94: =L94+M94 -> 0 | J94: =H94+I94 -> 0 | L94: =J94+K94 -> 0 | N94: =(G94-E94)/E94 -> #DIV/0! | O94: 0 | P94: 0 | S94: =X94+Y94 -> 0 | V94: =T94+U94 -> 0 | X94: =V94+W94 -> 0
A95: 5.6. | B95: Списание кредиторской задолженности | C95: тыс.руб. | D95: 22160 | E95: 58683.3 | F95: =(E95-D95)/D95 -> 1.6481634 | G95: =L95+M95 -> 26398 | H95: 6667.25 | I95: 6667.25 | J95: =H95+I95 -> 13334.5 | K95: 6822.25 | L95: =J95+K95 -> 20156.75 | M95: 6241.25 | N95: =(G95-E95)/E95 -> -0.55016163 | O95: 26398 | P95: 26398 | S95: =X95+Y95 -> 0 | V95: =T95+U95 -> 0 | X95: =V95+W95 -> 0
A96: 5.7. | B96: Восстановление резервов по сомнительным долгам | C96: тыс.руб. | D96: 255000 | E96: 618948.35 | F96: =(E96-D96)/D96 -> 1.4272484 | G96: =L96+M96 -> 700000 | H96: 175000 | I96: 175000 | J96: =H96+I96 -> 350000 | K96: 175000 | L96: =J96+K96 -> 525000 | M96: 175000 | N96: =(G96-E96)/E96 -> 0.13095059 | O96: 1100000 | P96: 900000 | S96: =X96+Y96 -> 0 | V96: =T96+U96 -> 0 | X96: =V96+W96 -> 0
A97: 5.8. | B97: Прочие доходы | C97: тыс.руб. | D97: 1402651 | E97: 1549180.4 | F97: =(E97-D97)/D97 -> 0.10446605 | G97: =L97+M97 -> 2455537.5 | H97: 221166.55 | I97: 192896.01 | J97: =H97+I97 -> 414062.56 | K97: 125315.01 | L97: =J97+K97 -> 539377.57 | M97: 1916160 | N97: =(G97-E97)/E97 -> 0.58505589 | O97: 500000 | P97: 200000 | S97: =X97+Y97 -> 0 | V97: =T97+U97 -> 0 | X97: =V97+W97 -> 0
A99: VI. | B99: Прочие расходы | C99: тыс.руб. | D99: =SUM(D100:D110) -> 1356525.7 | E99: =SUM(E100:E110) -> 2886458.3 | F99: =(E99-D99)/D99 -> 1.1278317 | G99: =SUM(G100:G110) -> 1985375.7 | H99: =SUM(H100:H110) -> 416716.89 | I99: =SUM(I100:I110) -> 465040.7 | J99: =SUM(J100:J110) -> 881757.58 | K99: =SUM(K100:K110) -> 546731.67 | L99: =SUM(L100:L110) -> 1428489.2 | M99: =SUM(M100:M110) -> 556886.44 | N99: =(G99-E99)/E99 -> -0.31217586 | O99: =SUM(O100:O110) -> 1604778.6 | P99: =SUM(P100:P110) -> 1604778.6 | S99: =SUM(S100:S110) -> 0 | T99: =SUM(T100:T109) -> 0 | U99: =SUM(U100:U110) -> 0 | V99: =SUM(V100:V110) -> 0 | W99: =SUM(W100:W110) -> 0 | X99: =SUM(X100:X110) -> 0 | Y99: =SUM(Y100:Y110) -> 0
A100: 6.1. | B100: Реализация ЦБ | C100: тыс.руб. | D100: 0 | G100: =L100+M100 -> 0 | J100: =H100+I100 -> 0 | L100: =J100+K100 -> 0 | S100: =X100+Y100 -> 0 | V100: =T100+U100 -> 0 | X100: =V100+W100 -> 0
A101: 6.2. | B101: Реализация ОС и ТМЦ | C101: тыс.руб. | D101: 9824.81 | E101: 19424.56 | F101: =(E101-D101)/D101 -> 0.97709269 | G101: =L101+M101 -> 7044.5397 | H101: 1754.8849 | I101: 1824.8849 | J101: =H101+I101 -> 3579.7699 | K101: 1764.8849 | L101: =J101+K101 -> 5344.6548 | M101: 1699.8849 | N101: =(G101-E101)/E101 -> -0.63733852 | O101: 7044.5397 | P101: 7044.5397 | S101: =X101+Y101 -> 0 | V101: =T101+U101 -> 0 | X101: =V101+W101 -> 0
A102: 6.3. | B102: Услуги банка | C102: тыс.руб. | D102: 7933.8545 | E102: 8278.87 | F102: =(E102-D102)/D102 -> 0.043486496 | G102: =L102+M102 -> 6544 | H102: 1554 | I102: 1612 | J102: =H102+I102 -> 3166 | K102: 1645 | L102: =J102+K102 -> 4811 | M102: 1733 | N102: =(G102-E102)/E102 -> -0.20955396 | O102: 6544 | P102: 6544 | S102: =X102+Y102 -> 0 | V102: =T102+U102 -> 0 | X102: =V102+W102 -> 0
A103: 6.4. | B103: Обслуживание кредитов и займов | C103: тыс.руб. | D103: 630000 | E103: 604726.08 | F103: =(E103-D103)/D103 -> -0.040117333 | G103: =L103+M103 -> 1000000 | H103: 171000 | I103: 219000 | J103: =H103+I103 -> 390000 | K103: 300000 | L103: =J103+K103 -> 690000 | M103: 310000 | N103: =(G103-E103)/E103 -> 0.65364127 | O103: 900000 | P103: 900000 | S103: =X103+Y103 -> 0 | V103: =T103+U103 -> 0 | X103: =V103+W103 -> 0
A104: 6.5. | B104: Списание дебиторской задолженности | C104: тыс.руб. | D104: 7242.263 | E104: 79266.39 | F104: =(E104-D104)/D104 -> 9.9449754 | G104: =L104+M104 -> 3134 | H104: 807 | I104: 760 | J104: =H104+I104 -> 1567 | K104: 818 | L104: =J104+K104 -> 2385 | M104: 749 | N104: =(G104-E104)/E104 -> -0.96046244 | O104: 3134 | P104: 3134 | S104: =X104+Y104 -> 0 | V104: =T104+U104 -> 0 | X104: =V104+W104 -> 0
A105: 6.6. | B105: Социальные выплаты | C105: тыс.руб. | D105: 55289.5 | E105: 52965.895 | F105: =(E105-D105)/D105 -> -0.042026157 | G105: =L105+M105 -> 46104.6 | H105: 10303.25 | I105: 10935.25 | J105: =H105+I105 -> 21238.5 | K105: 11744.85 | L105: =J105+K105 -> 32983.35 | M105: 13121.25 | N105: =(G105-E105)/E105 -> -0.12954175 | O105: 50000 | P105: 50000 | S105: =X105+Y105 -> 0 | V105: =T105+U105 -> 0 | X105: =V105+W105 -> 0 | AC105: =G105 -> 46104.6
A106: 6.7. | B106: Создание резервов по сомнительным долгам | C106: тыс.руб. | D106: 0 | E106: 416918.66 | G106: =L106+M106 -> 0 | J106: =H106+I106 -> 0 | L106: =J106+K106 -> 0 | N106: =(G106-E106)/E106 -> -1 | O106: 3134 | P106: 3134 | S106: =X106+Y106 -> 0 | V106: =T106+U106 -> 0 | X106: =V106+W106 -> 0
A107: 6.8. | B107: Прочие расходы | C107: тыс.руб. | D107: 56566.247 | E107: 1221068.7 | F107: =(E107-D107)/D107 -> 20.586525 | G107: =L107+M107 -> 387626.5 | H107: 96558.874 | I107: 96927.874 | J107: =H107+I107 -> 193486.75 | K107: 97343.874 | L107: =J107+K107 -> 290830.62 | M107: 96795.874 | N107: =(G107-E107)/E107 -> -0.68255145 | O107: 100000 | P107: 100000 | S107: =X107+Y107 -> 0 | V107: =T107+U107 -> 0 | X107: =V107+W107 -> 0
A108: 6.9. | B108: Процентные расходы | C108: тыс.руб. | D108: 413711 | E108: 341303.26 | F108: =IFERROR((E108-D108)/D108,"-") -> -0.1750201 | G108: =L108+M108 -> 384500.05 | H108: 97220.876 | I108: 96462.687 | J108: =H108+I108 -> 193683.56 | K108: 95897.057 | L108: =J108+K108 -> 289580.62 | M108: 94919.432 | N108: =(G108-E108)/E108 -> 0.12656426 | O108: 384500.05 | P108: 384500.05 | S108: =X108+Y108 -> 0 | V108: =T108+U108 -> 0 | X108: =V108+W108 -> 0
A109: 6.10. | B109: Налог на имущество | C109: тыс.руб. | D109: 175958 | E109: 142505.85 | F109: =(E109-D109)/D109 -> -0.19011439 | G109: =L109+M109 -> 150422 | H109: 37518 | I109: 37518 | J109: =H109+I109 -> 75036 | K109: 37518 | L109: =J109+K109 -> 112554 | M109: 37868 | N109: =(G109-E109)/E109 -> 0.055549649 | O109: 150422 | P109: 150422 | S109: =X109+Y109 -> 0 | V109: =T109+U109 -> 0 | X109: =V109+W109 -> 0 | AC109: =G109 -> 150422
...

Sheet БДР
H1: 0.95660815 | I1: 0.95660815 | K1: 0.95660815 | M1: 0.95660815 | O1: 0.95660815 | P1: 0.95660815
H2: 0.019018191 | I2: 0.019018191 | K2: 0.019018191 | M2: 0.019018191 | O2: 0.019018191 | P2: 0.019018191 | X2: Приложение № 4
H3: 0.024373662 | I3: 0.024373662 | K3: 0.024373662 | M3: 0.024373662 | O3: 0.024373662 | P3: 0.024373662
O4: Приложение № 5
A5: БЮДЖЕТ ДОХОДОВ И РАСХОДОВ АО "Мособлэнерго"
G6: =G89-G99 -> 403381.14 | O6: =O89-O99 -> -162103.56 | P6: =P89-P99 -> -36228.462
A7: № п/п | B7: Виды продукции | C7: Ед. изм. | D7: 2022 | F7: отклонение,% | G7: план 2023 | N7: Темп роста (снижения) к отчетному году, % | O7: Прогноз 2024 | P7: Прогноз 2025 | S7: факт 2023
D8: план | E8: факт | S8: Всего | T8: в разрезе периодов
D9: план | E9: факт | S9: всего | T9: 1 кв. | U9: 2 кв. | V9: 1 п/г | W9: 3 кв. | X9: 9 мес. | Y9: 4 кв. | AC9: Передача | AD9: 0.92
A10: I. | B10: Доходы (всего) | D10: =D11+D14+D15 -> 23815694 | E10: =E11+E14+E15 -> 0 | F10: =(E10-D10)/D10 -> -1 | G10: =G11+G14+G15 -> 26749182 | H10: =H11+H14+H15 -> 7378410.3 | I10: =I11+I14+I15 -> 6201118.7 | J10: =J11+J14+J15 -> 13579529 | K10: =K11+K14+K15 -> 5947737.8 | L10: =L11+L14+L15 -> 19527267 | M10: =M11+M14+M15 -> 7221915.2 | N10: =(G10-E10)/E10 -> #DIV/0! | O10: =O11+O14+O15 -> 27577337 | P10: =P11+P14+P15 -> 28725642 | S10: =S11+S14+S15 -> 0 | T10: =T11+T14+T15 -> 0 | U10: =U11+U14+U15 -> 0 | V10: =V11+V14+V15 -> 0 | W10: =W11+W14+W15 -> 0 | X10: =X11+X14+X15 -> 0 | Y10: =Y11+Y14+Y15 -> 0
A11: 1.1. | B11: Выручка от реализации сетевых услуг | C11: тыс.руб. | D11: =D12+D13 -> 22475415 | E11: =E12+E13 -> 0 | F11: =(E11-D11)/D11 -> -1 | G11: =G12+G13 -> 25297379 | H11: =H12+H13 -> 7047948.8 | I11: =I12+I13 -> 5933234.9 | J11: =J12+J13 -> 12981184 | K11: =K12+K13 -> 5627584.8 | L11: =L12+L13 -> 18608769 | M11: =M12+M13 -> 6688610.3 | N11: =(G11-E11)/E11 -> #DIV/0! | O11: =O12+O13 -> 26057897 | P11: =P12+P13 -> 27110258 | S11: =S12+S13 -> 0 | T11: =T12+T13 -> 0 | U11: =U12+U13 -> 0 | V11: =V12+V13 -> 0 | W11: =W12+W13 -> 0 | X11: =X12+X13 -> 0 | Y11: =Y12+Y13 -> 0
A12: 1.1.1. | B12: по одноставочному тарифу | C12: тыс.руб. | D12: 22444581 | F12: =(E12-D12)/D12 -> -1 | G12: =L12+M12 -> 25264130 | H12: 7039636.6 | I12: 5924922.7 | J12: =H12+I12 -> 12964559 | K12: 5619272.6 | L12: =J12+K12 -> 18583832 | M12: 6680298.1 | N12: =(G12-E12)/E12 -> #DIV/0! | O12: 26020587 | P12: 27069217 | S12: =X12+Y12 -> 0 | V12: =T12+U12 -> 0 | X12: =V12+W12 -> 0
A13: 1.1.3. | B13: выручка по бездоговорному/безучетному потреблению | C13: тыс.руб. | D13: 30834.75 | F13: =(E13-D13)/D13 -> -1 | G13: =L13+M13 -> 33248.992 | H13: 8312.2481 | I13: 8312.2481 | J13: =H13+I13 -> 16624.496 | K13: 8312.2481 | L13: =J13+K13 -> 24936.744 | M13: 8312.2481 | N13: =(G13-E13)/E13 -> #DIV/0! | O13: 37310.048 | P13: 41041.052 | S13: =X13+Y13 -> 0 | V13: =T13+U13 -> 0 | X13: =V13+W13 -> 0
A14: 1.2. | B14: Выручка от техприсоединения (в том числе орг.услуги) | C14: тыс.руб. | D14: 629997.54 | F14: =(E14-D14)/D14 -> -1 | G14: =L14+M14 -> 659281 | H14: 145173.15 | I14: 100068.48 | J14: =H14+I14 -> 245241.63 | K14: 136806.9 | L14: =J14+K14 -> 382048.53 | M14: 277232.46 | N14: =(G14-E14)/E14 -> #DIV/0! | O14: 660000 | P14: 670000 | S14: =X14+Y14 -> 0 | V14: =T14+U14 -> 0 | X14: =V14+W14 -> 0
A15: 1.3. | B15: Выручка по прочим видам деятельности | C15: тыс.руб. | D15: 710280.89 | F15: =(E15-D15)/D15 -> -1 | G15: =L15+M15 -> 792522.08 | H15: 185288.31 | I15: 167815.24 | J15: =H15+I15 -> 353103.56 | K15: 183346.09 | L15: =J15+K15 -> 536449.65 | M15: =246072.4345+10000 -> 256072.43 | N15: =(G15-E15)/E15 -> #DIV/0! | O15: 859439.87 | P15: 945383.86 | S15: =X15+Y15 -> 0 | V15: =T15+U15 -> 0 | X15: =V15+W15 -> 0
A18: II. | B18: Расходы (всего) | C18: тыс.руб. | D18: =D19+D78 -> 21021097 | E18: =E19+E78 -> 0 | F18: =(E18-D18)/D18 -> -1 | G18: =G19+G78 -> 24151385 | H18: =H19+H78 -> 6289221.1 | I18: =I19+I78 -> 5520757.7 | J18: =J19+J78 -> 11809979 | K18: =K19+K78 -> 5408146.4 | L18: =L19+L78 -> 17218125 | M18: =M19+M78 -> 6933260.2 | N18: =(G18-E18)/E18 -> #DIV/0! | O18: =O19+O78 -> 24010870 | P18: =P19+P78 -> 25107408 | S18: =S19+S78 -> 0 | T18: =T19+T78 -> 0 | U18: =U19+U78 -> 0 | V18: =V19+V78 -> 0 | W18: =W19+W78 -> 0 | X18: =X19+X78 -> 0 | Y18: =Y19+Y78 -> 0
A19: II.1. | B19: Производственные и управленческие расходы | C19: тыс.руб. | D19: =D20+D21+D22+D26+D34+D35+D42+D47+D57+D63+D66 -> 21021097 | E19: =E20+E21+E22+E26+E34+E35+E42+E47+E57+E63+E66 -> 0 | F19: =(E19-D19)/D19 -> -1 | G19: =G20+G21+G22+G26+G34+G35+G42+G47+G57+G63+G66 -> 24151385 | H19: =H20+H21+H22+H26+H34+H35+H42+H47+H57+H63+H66 -> 6289221.1 | I19: =I20+I21+I22+I26+I34+I35+I42+I47+I57+I63+I66 -> 5520757.7 | J19: =J20+J21+J22+J26+J34+J35+J42+J47+J57+J63+J66 -> 11809979 | K19: =K20+K21+K22+K26+K34+K35+K42+K47+K57+K63+K66 -> 5408146.4 | L19: =L20+L21+L22+L26+L34+L35+L42+L47+L57+L63+L66 -> 17218125 | M19: =M20+M21+M22+M26+M34+M35+M42+M47+M57+M63+M66 -> 6933260.2 | N19: =(G19-E19)/E19 -> #DIV/0! | O19: =O20+O21+O22+O26+O34+O35+O42+O47+O57+O63+O66 -> 24010870 | P19: =P20+P21+P22+P26+P34+P35+P42+P47+P57+P63+P66 -> 25107408 | S19: =S20+S21+S22+S26+S34+S35+S42+S47+S57+S63+S66 -> 0 | T19: =T20+T21+T22+T26+T34+T35+T42+T47+T57+T63+T66 -> 0 | U19: =U20+U21+U22+U26+U34+U35+U42+U47+U57+U63+U66 -> 0 | V19: =V20+V21+V22+V26+V34+V35+V42+V47+V57+V63+V66 -> 0 | W19: =W20+W21+W22+W26+W34+W35+W42+W47+W57+W63+W66 -> 0 | X19: =X20+X21+X22+X26+X34+X35+X42+X47+X57+X63+X66 -> 0 | Y19: =Y20+Y21+Y22+Y26+Y34+Y35+Y42+Y47+Y57+Y63+Y66 -> 0
A20: 2.1. | B20: Покупная электроэнергия (потери) | C20: тыс.руб. | D20: 6650033.4 | F20: =(E20-D20)/D20 -> -1 | G20: =L20+M20 -> 7500725.8 | H20: 2225749.4 | I20: 1264699.9 | J20: =H20+I20 -> 3490449.4 | K20: 1272518.3 | L20: =J20+K20 -> 4762967.7 | M20: 2737758.1 | N20: =(G20-E20)/E20 -> #DIV/0! | O20: 7412729.7 | P20: 7861199.9 | S20: =X20+Y20 -> 0 | V20: =T20+U20 -> 0 | X20: =V20+W20 -> 0 | Y20: ='[22]Расчетный файл_Балансы 12,45%'!Y65+'[22]Расчетный файл_Балансы 12,45%'!Z65+'[22]Расчетный файл_Балансы 12,45%'!AA65 -> 0 | AC20: =G20 -> 7500725.8
A21: 2.2. | B21: Услуги по передаче электроэнергии по ЕНЭС России | C21: тыс.руб. | D21: 302082.57 | F21: =(E21-D21)/D21 -> -1 | G21: =L21+M21 -> 282259.77 | H21: 71042.841 | I21: 67607.034 | J21: =H21+I21 -> 138649.88 | K21: 69881.471 | L21: =J21+K21 -> 208531.35 | M21: 73728.421 | N21: =(G21-E21)/E21 -> #DIV/0! | O21: 328087.14 | P21: 342851.06 | S21: =X21+Y21 -> 0 | V21: =T21+U21 -> 0 | X21: =V21+W21 -> 0 | AC21: =G21 -> 282259.77
A22: 2.3. | B22: Затраты на оплату труда (с отчислениями) | C22: тыс.руб. | D22: =D23+D24 -> 6799045.7 | E22: =E23+E24 -> 0 | F22: =(E22-D22)/D22 -> -1 | G22: =G23+G24 -> 7919663.7 | H22: =H23+H24 -> 1832689.9 | I22: =I23+I24 -> 2050520.6 | J22: =J23+J24 -> 3883210.6 | K22: =K23+K24 -> 2100223.1 | L22: =L23+L24 -> 5983433.7 | M22: =M23+M24 -> 1936230 | N22: =(G22-E22)/E22 -> #DIV/0! | O22: =O23+O24 -> 8002113.7 | P22: =P23+P24 -> 8082134.8 | S22: =S23+S24 -> 0 | T22: =T23+T24 -> 0 | U22: =U23+U24 -> 0 | V22: =V23+V24 -> 0 | W22: =W23+W24 -> 0 | X22: =X23+X24 -> 0 | Y22: =Y23+Y24 -> 0
A23: 2.3.1. | B23: Затраты на оплату труда | C23: тыс.руб. | D23: 5224613.3 | F23: =(E23-D23)/D23 -> -1 | G23: =L23+M23 -> 6075831.9 | H23: 1406042.2 | I23: 1576108.5 | J23: =H23+I23 -> 2982150.8 | K23: 1608317.2 | L23: =J23+K23 -> 4590468 | M23: 1485363.9 | N23: =(G23-E23)/E23 -> #DIV/0! | O23: =G23*1.01 -> 6136590.2 | P23: =O23*1.01 -> 6197956.1 | S23: =X23+Y23 -> 0 | V23: =T23+U23 -> 0 | X23: =V23+W23 -> 0 | Z23: =G24/G23 -> 0.30346984 | AC23: =G23*$AD$9 -> 5589765.4
A24: 2.3.2. | B24: Внебюджетные фонды | C24: тыс.руб. | D24: 1574432.4 | F24: =(E24-D24)/D24 -> -1 | G24: =L24+M24 -> 1843831.8 | H24: 426647.7 | I24: 474412.1 | J24: =H24+I24 -> 901059.8 | K24: 491905.86 | L24: =J24+K24 -> 1392965.7 | M24: 450866.11 | N24: =(G24-E24)/E24 -> #DIV/0! | O24: =O23*0.304 -> 1865523.4 | P24: =P23*0.304 -> 1884178.7 | S24: =X24+Y24 -> 0 | V24: =T24+U24 -> 0 | X24: =V24+W24 -> 0 | AC24: =G24*$AD$9 -> 1696325.2
A26: 2.4. | B26: Материалы | C26: тыс.руб. | D26: =SUM(D27:D33) -> 628700.14 | E26: =SUM(E27:E33) -> 0 | F26: =(E26-D26)/D26 -> -1 | G26: =SUM(G27:G33) -> 713184.56 | H26: =SUM(H27:H33) -> 151967.01 | I26: =SUM(I27:I33) -> 177254.84 | J26: =SUM(J27:J33) -> 329221.84 | K26: =SUM(K27:K33) -> 185719.29 | L26: =SUM(L27:L33) -> 514941.13 | M26: =SUM(M27:M33) -> 198243.42 | N26: =(G26-E26)/E26 -> #DIV/0! | O26: =SUM(O27:O33) -> 760727.16 | P26: =SUM(P27:P33) -> 836799.88 | S26: =SUM(S27:S33) -> 0 | T26: =SUM(T27:T33) -> 0 | U26: =SUM(U27:U33) -> 0 | V26: =SUM(V27:V33) -> 0 | W26: =SUM(W27:W33) -> 0 | X26: =SUM(X27:X33) -> 0 | Y26: =SUM(Y27:Y33) -> 0 | AC26: =G26*$AD$9 -> 656129.79
A27: 2.4.4. | B27: Канцелярские, почтово-телеграфные расходы, бумага, бланки | C27: тыс.руб. | D27: 25042.347 | F27: =(E27-D27)/D27 -> -1 | G27: =L27+M27 -> 19970.328 | H27: 4875.9296 | I27: 4853.9196 | J27: =H27+I27 -> 9729.8491 | K27: 5029.6086 | L27: =J27+K27 -> 14759.458 | M27: 5210.8705 | N27: =(G27-E27)/E27 -> #DIV/0! | O27: 20761.332 | P27: 22837.465 | S27: =X27+Y27 -> 0 | V27: =T27+U27 -> 0 | X27: =V27+W27 -> 0
B28: Инвентарь и инструменты производственного назначения | C28: тыс.руб. | D28: 14634.196 | F28: =(E28-D28)/D28 -> -1 | G28: =L28+M28 -> 26013.723 | H28: 5450.24 | I28: 6985.24 | J28: =H28+I28 -> 12435.48 | K28: 7433.045 | L28: =J28+K28 -> 19868.525 | M28: 6145.1985 | N28: =(G28-E28)/E28 -> #DIV/0! | O28: 27734.596 | P28: 30508.056 | S28: =X28+Y28 -> 0 | V28: =T28+U28 -> 0 | X28: =V28+W28 -> 0
A29: 2.4.1. | B29: Материалы на эксплуатацию и ремонт АИИСКУЭ | C29: тыс.руб. | D29: 253668.9 | F29: =(E29-D29)/D29 -> -1 | G29: =L29+M29 -> 331364.56 | H29: 67641 | I29: 86986.5 | J29: =H29+I29 -> 154627.5 | K29: 86998.5 | L29: =J29+K29 -> 241626 | M29: 89738.559 | N29: =(G29-E29)/E29 -> #DIV/0! | O29: 354295.33 | P29: 389724.86 | S29: =X29+Y29 -> 0 | V29: =T29+U29 -> 0 | X29: =V29+W29 -> 0
A30: 2.4.5. | B30: Спецодежда, спецобувь, СИЗ | C30: тыс.руб. | D30: 220647.6 | F30: =(E30-D30)/D30 -> -1 | G30: =L30+M30 -> 232017.29 | H30: 50040.5 | I30: 50355.838 | J30: =H30+I30 -> 100396.34 | K30: 60301.8 | L30: =J30+K30 -> 160698.14 | M30: 71319.15 | N30: =(G30-E30)/E30 -> #DIV/0! | O30: 247484.37 | P30: 272232.81 | S30: =X30+Y30 -> 0 | V30: =T30+U30 -> 0 | X30: =V30+W30 -> 0
B31: Материалы непроизводственного назначения | C31: тыс.руб. | D31: 79372.187 | F31: =(E31-D31)/D31 -> -1 | G31: =L31+M31 -> 59189.828 | H31: 14709.338 | I31: 15133.338 | J31: =H31+I31 -> 29842.675 | K31: 14592.338 | L31: =J31+K31 -> 44435.013 | M31: 14754.815 | N31: =(G31-E31)/E31 -> #DIV/0! | O31: 62847.317 | P31: 69132.049 | S31: =X31+Y31 -> 0 | V31: =T31+U31 -> 0 | X31: =V31+W31 -> 0
B32: Резерв под снижение стоимости запасов | C32: тыс.руб. | D32: 0 | G32: =L32+M32 -> 0 | J32: =H32+I32 -> 0 | L32: =J32+K32 -> 0 | S32: =X32+Y32 -> 0 | V32: =T32+U32 -> 0 | X32: =V32+W32 -> 0
B33: Прочие вспомогательные материалы | C33: тыс.руб. | D33: 35334.911 | F33: =(E33-D33)/D33 -> -1 | G33: =L33+M33 -> 44628.83 | H33: 9250 | I33: 12940 | J33: =H33+I33 -> 22190 | K33: 11364 | L33: =J33+K33 -> 33554 | M33: 11074.83 | N33: =(G33-E33)/E33 -> #DIV/0! | O33: 47604.216 | P33: 52364.638 | S33: =X33+Y33 -> 0 | V33: =T33+U33 -> 0 | X33: =V33+W33 -> 0
A34: 2.5. | B34: Амортизация | C34: тыс.руб. | D34: 3664420.3 | F34: =(E34-D34)/D34 -> -1 | G34: =L34+M34 -> 4421209 | H34: 1081798 | I34: 1096263.5 | J34: =H34+I34 -> 2178061.5 | K34: 1110874.2 | L34: =J34+K34 -> 3288935.7 | M34: 1132273.3 | N34: =(G34-E34)/E34 -> #DIV/0! | O34: 4450000 | P34: 4800000 | S34: =X34+Y34 -> 0 | V34: =T34+U34 -> 0 | X34: =V34+W34 -> 0 | AC34: =G34 -> 4421209
A35: 2.6. | B35: Аренда | C35: тыс.руб. | D35: =SUM(D36:D39)+D41 -> 1080778.8 | E35: =SUM(E36:E39)+E41 -> 0 | F35: =(E35-D35)/D35 -> -1 | G35: =SUM(G36:G39)+G41 -> 1314232.4 | H35: =SUM(H36:H39)+H41 -> 329011.08 | I35: =SUM(I36:I39)+I41 -> 328572.71 | J35: =SUM(J36:J39)+J41 -> 657583.8 | K35: =SUM(K36:K39)+K41 -> 328163.11 | L35: =SUM(L36:L39)+L41 -> 985746.9 | M35: =SUM(M36:M39)+M41 -> 328485.54 | N35: =(G35-E35)/E35 -> #DIV/0! | O35: =SUM(O36:O39)+O41 -> 900000 | P35: =SUM(P36:P39)+P41 -> 900000 | S35: =SUM(S36:S39)+S41 -> 0 | T35: =SUM(T36:T39)+T41 -> 0 | U35: =SUM(U36:U39)+U41 -> 0 | V35: =SUM(V36:V39)+V41 -> 0 | W35: =SUM(W36:W39)+W41 -> 0 | X35: =SUM(X36:X39)+X41 -> 0 | Y35: =SUM(Y36:Y39)+Y41 -> 0 | AC35: =G35*0.98 -> 1287947.8
A36: 2.6.1. | B36: Аренда электрических сетей | C36: тыс.руб. | D36: 649385.49 | F36: =(E36-D36)/D36 -> -1 | G36: =L36+M36 -> 765295 | H36: 191325.04 | I36: 191324.04 | J36: =H36+I36 -> 382649.08 | K36: 191322.04 | L36: =J36+K36 -> 573971.12 | M36: 191323.88 | N36: =(G36-E36)/E36 -> #DIV/0! | O36: 600000 | P36: 600000 | S36: =X36+Y36 -> 0 | V36: =T36+U36 -> 0 | X36: =V36+W36 -> 0
A37: 2.6.2. | B37: Офисные здания, производственные помещения | C37: тыс.руб. | D37: 224037.34 | F37: =(E37-D37)/D37 -> -1 | G37: =L37+M37 -> 235342.05 | H37: 58954.463 | I37: 58687.463 | J37: =H37+I37 -> 117641.93 | K37: 58668.463 | L37: =J37+K37 -> 176310.39 | M37: 59031.663 | N37: =(G37-E37)/E37 -> #DIV/0! | O37: 50000 | P37: 50000 | S37: =X37+Y37 -> 0 | V37: =T37+U37 -> 0 | X37: =V37+W37 -> 0
A38: 2.6.4. | B38: Оборудование | C38: тыс.руб. | D38: 947.05812 | F38: =(E38-D38)/D38 -> -1 | G38: =L38+M38 -> 344.9702 | H38: 86.49255 | I38: 86.11255 | J38: =H38+I38 -> 172.6051 | K38: 85.92255 | L38: =J38+K38 -> 258.52765 | M38: 86.44255 | N38: =(G38-E38)/E38 -> #DIV/0! | S38: =X38+Y38 -> 0 | V38: =T38+U38 -> 0 | X38: =V38+W38 -> 0
A39: 2.6.5. | B39: Транспорт | C39: тыс.руб. | D39: 202543.29 | F39: =(E39-D39)/D39 -> -1 | G39: =L39+M39 -> 290217.4 | H39: 72639.724 | I39: 72594.724 | J39: =H39+I39 -> 145234.45 | K39: 72537.724 | L39: =J39+K39 -> 217772.17 | M39: 72445.225 | N39: =(G39-E39)/E39 -> #DIV/0! | O39: 250000 | P39: 250000 | S39: =X39+Y39 -> 0 | V39: =T39+U39 -> 0 | X39: =V39+W39 -> 0
B40: в т.ч. лизинг | C40: тыс.руб. | D40: 167390 | F40: =(E40-D40)/D40 -> -1 | G40: =L40+M40 -> 256273.06 | H40: 64068.265 | I40: 64068.265 | J40: =H40+I40 -> 128136.53 | K40: 64068.265 | L40: =J40+K40 -> 192204.79 | M40: 64068.265 | N40: =(G40-E40)/E40 -> #DIV/0! | O40: 200000 | P40: 200000 | S40: =X40+Y40 -> 0 | V40: =T40+U40 -> 0 | X40: =V40+W40 -> 0
A41: 2.6.6. | B41: Прочая | C41: тыс.руб. | D41: 3865.6231 | F41: =(E41-D41)/D41 -> -1 | G41: =L41+M41 -> 23033.033 | H41: 6005.3659 | I41: 5880.374 | J41: =H41+I41 -> 11885.74 | K41: 5548.9571 | L41: =J41+K41 -> 17434.697 | M41: 5598.3356 | N41: =(G41-E41)/E41 -> #DIV/0! | S41: =X41+Y41 -> 0 | V41: =T41+U41 -> 0 | X41: =V41+W41 -> 0
A42: 2.7. | B42: Расходы на содержание автотранспорта | C42: тыс.руб. | D42: =SUM(D43:D46) -> 336321.8 | E42: =SUM(E43:E46) -> 0 | F42: =(E42-D42)/D42 -> -1 | G42: =SUM(G43:G46) -> 392457.36 | H42: =SUM(H43:H46) -> 92386.158 | I42: =SUM(I43:I46) -> 98628.461 | J42: =SUM(J43:J46) -> 191014.62 | K42: =SUM(K43:K46) -> 98892.934 | L42: =SUM(L43:L46) -> 289907.55 | M42: =SUM(M43:M46) -> 102549.8 | N42: =(G42-E42)/E42 -> #DIV/0! | O42: =SUM(O43:O46) -> 406949.38 | P42: =SUM(P43:P46) -> 447644.31 | S42: =SUM(S43:S46) -> 0 | T42: =SUM(T43:T46) -> 0 | U42: =SUM(U43:U46) -> 0 | V42: =SUM(V43:V46) -> 0 | W42: =SUM(W43:W46) -> 0 | X42: =SUM(X43:X46) -> 0 | Y42: =SUM(Y43:Y46) -> 0
A43: 2.7.1. | B43: ГСМ | C43: тыс.руб. | D43: 180623.74 | F43: =(E43-D43)/D43 -> -1 | G43: =L43+M43 -> 195126.89 | H43: 49178.639 | I43: 46228.478 | J43: =H43+I43 -> 95407.117 | K43: 47312.52 | L43: =J43+K43 -> 142719.64 | M43: 52407.249 | N43: =(G43-E43)/E43 -> #DIV/0! | O43: 202331.74 | P43: 222564.92 | S43: =X43+Y43 -> 0 | V43: =T43+U43 -> 0 | X43: =V43+W43 -> 0
A44: 2.7.2. | B44: Материалы, запчасти на ремонт автотранспорта | C44: тыс.руб. | D44: 42412.681 | F44: =(E44-D44)/D44 -> -1 | G44: =L44+M44 -> 50878.98 | H44: 11196.52 | I44: 13270.89 | J44: =H44+I44 -> 24467.41 | K44: 14019 | L44: =J44+K44 -> 38486.41 | M44: 12392.57 | N44: =(G44-E44)/E44 -> #DIV/0! | O44: 52773.069 | P44: 58050.376 | S44: =X44+Y44 -> 0 | V44: =T44+U44 -> 0 | X44: =V44+W44 -> 0
A45: 2.7.3. | B45: Услуги по ремонту,ТО и техосмотру автотранспорта | C45: тыс.руб. | D45: 79915.424 | F45: =(E45-D45)/D45 -> -1 | G45: =L45+M45 -> 102948.38 | H45: 21580.233 | I45: 28091.427 | J45: =H45+I45 -> 49671.66 | K45: 26826.648 | L45: =J45+K45 -> 76498.308 | M45: 26450.071 | N45: =(G45-E45)/E45 -> #DIV/0! | O45: 106733.5 | P45: 117406.85 | S45: =X45+Y45 -> 0 | V45: =T45+U45 -> 0 | X45: =V45+W45 -> 0
A46: 2.7.4. | B46: Прочие расходы | C46: тыс.руб. | D46: 33369.955 | F46: =(E46-D46)/D46 -> -1 | G46: =L46+M46 -> 43503.111 | H46: 10430.766 | I46: 11037.666 | J46: =H46+I46 -> 21468.431 | K46: 10734.766 | L46: =J46+K46 -> 32203.197 | M46: 11299.914 | N46: =(G46-E46)/E46 -> #DIV/0! | O46: 45111.064 | P46: 49622.17 | S46: =X46+Y46 -> 0 | V46: =T46+U46 -> 0 | X46: =V46+W46 -> 0
A47: 2.8. | B47: Работы и услуги сторонних организаций производственного характера, в т.ч. | C47: тыс.руб. | D47: =SUM(D48:D52) -> 402300.36 | E47: =SUM(E48:E52) -> 0 | F47: =(E47-D47)/D47 -> -1 | G47: =SUM(G48:G52) -> 389451.12 | H47: =SUM(H48:H52) -> 91276.073 | I47: =SUM(I48:I52) -> 105506.3 | J47: =SUM(J48:J52) -> 196782.37 | K47: =SUM(K48:K52) -> 108161.71 | L47: =SUM(L48:L52) -> 304944.08 | M47: =SUM(M48:M52) -> 84507.038 | N47: =(G47-E47)/E47 -> #DIV/0! | O47: =SUM(O48:O52) -> 451522.9 | P47: =SUM(P48:P52) -> 465782.27 | S47: =SUM(S48:S52) -> 0 | T47: =SUM(T48:T52) -> 0 | U47: =SUM(U48:U52) -> 0 | V47: =SUM(V48:V52) -> 0 | W47: =SUM(W48:W52) -> 0 | X47: =SUM(X48:X52) -> 0 | Y47: =SUM(Y48:Y52) -> 0 | AC47: =G47-G48 -> 309451.12
A48: 2.8.1. | B48: Работы по капремонту | C48: тыс.руб. | D48: 84221.386 | F48: =(E48-D48)/D48 -> -1 | G48: =L48+M48 -> 80000 | H48: 20000 | I48: 20000 | J48: =H48+I48 -> 40000 | K48: 20000 | L48: =J48+K48 -> 60000 | M48: 20000 | N48: =(G48-E48)/E48 -> #DIV/0! | O48: 100000 | P48: 100000 | S48: =X48+Y48 -> 0 | V48: =T48+U48 -> 0 | X48: =V48+W48 -> 0 | AC48: 1600000
A49: 2.8.2. | B49: Услуги по ремонтно-эксплуатационному обслуживанию эл.сетей и АИИСКУЭ | C49: тыс.руб. | D49: 7390.5801 | G49: =L49+M49 -> 8668.2 | H49: 2138.1 | I49: 2217.29 | J49: =H49+I49 -> 4355.39 | K49: 2224.31 | L49: =J49+K49 -> 6579.7 | M49: 2088.5 | N49: =IFERROR((G49-E49)/E49,"") | S49: =X49+Y49 -> 0 | V49: =T49+U49 -> 0 | X49: =V49+W49 -> 0
A50: 2.8.3. | B50: Услуги по коммерческому учету и формированию полезного отпуска э/энергии | C50: тыс.руб. | D50: 2869.4068 | F50: =(E50-D50)/D50 -> -1 | G50: =L50+M50 -> 3207 | H50: 801.75 | I50: 801.75 | J50: =H50+I50 -> 1603.5 | K50: 801.75 | L50: =J50+K50 -> 2405.25 | M50: 801.75 | N50: =(G50-E50)/E50 -> #DIV/0! | S50: =X50+Y50 -> 0 | V50: =T50+U50 -> 0 | X50: =V50+W50 -> 0
A51: 2.8.4. | B51: Расходы на выполнение работ, связанных с техприсоединением | C51: тыс.руб. | D51: 29772.622 | F51: =(E51-D51)/D51 -> -1 | G51: =L51+M51 -> 29564 | H51: 7150.75 | I51: 7297.75 | J51: =H51+I51 -> 14448.5 | K51: 7474.75 | L51: =J51+K51 -> 21923.25 | M51: 7640.75 | N51: =(G51-E51)/E51 -> #DIV/0! | O51: 39690.752 | P51: 41476.835 | S51: =X51+Y51 -> 0 | V51: =T51+U51 -> 0 | X51: =V51+W51 -> 0
A52: 2.8.5. | B52: Прочие услуги сторонних организаций, в том числе | C52: тыс.руб. | D52: =D53+D54+D55+D56 -> 278046.36 | E52: =E53+E54+E55+E56 -> 0 | F52: =(E52-D52)/D52 -> -1 | G52: =L52+M52 -> 268011.92 | H52: =H53+H54+H55+H56 -> 61185.473 | I52: =I53+I54+I55+I56 -> 75189.509 | J52: =H52+I52 -> 136374.98 | K52: =K53+K54+K55+K56 -> 77660.899 | L52: =J52+K52 -> 214035.88 | M52: =M53+M54+M55+M56 -> 53976.038 | N52: =(G52-E52)/E52 -> #DIV/0! | O52: =O53+O54+O55+O56 -> 311832.15 | P52: =P53+P54+P55+P56 -> 324305.44 | S52: =X52+Y52 -> 0 | T52: =T53+T54+T55+T56 -> 0 | U52: =U53+U54+U55+U56 -> 0 | V52: =T52+U52 -> 0 | W52: =W53+W54+W55+W56 -> 0 | X52: =SUM(X53:X56) -> 0
B53: расходы на сертификацию | C53: тыс.руб. | D53: 1167.938 | F53: =(E53-D53)/D53 -> -1 | G53: =L53+M53 -> 981.82573 | H53: 245.45643 | I53: 245.45643 | J53: =H53+I53 -> 490.91286 | K53: 245.45643 | L53: =J53+K53 -> 736.3693 | M53: 245.45643 | N53: =(G53-E53)/E53 -> #DIV/0! | S53: =X53+Y53 -> 0 | V53: =T53+U53 -> 0 | X53: =V53+W53 -> 0
B54: поверка приборов учета, обслуживание АИИСКУЭ, проведение экспертиз | C54: тыс.руб. | D54: 20886.2 | F54: =(E54-D54)/D54 -> -1 | G54: =L54+M54 -> 24274.157 | H54: 4752.1318 | I54: 5418.1318 | J54: =H54+I54 -> 10170.264 | K54: 8023.0518 | L54: =J54+K54 -> 18193.315 | M54: 6080.8417 | N54: =(G54-E54)/E54 -> #DIV/0! | S54: =X54+Y54 -> 0 | V54: =T54+U54 -> 0 | X54: =V54+W54 -> 0
B55: техническое освидетельствование эл.сетевого имущества | C55: тыс.руб. | D55: 30639.22 | F55: =(E55-D55)/D55 -> -1 | G55: =L55+M55 -> 10488.58 | H55: 2622.145 | I55: 2622.145 | J55: =H55+I55 -> 5244.29 | K55: 2622.145 | L55: =J55+K55 -> 7866.435 | M55: 2622.145 | N55: =(G55-E55)/E55 -> #DIV/0! | S55: =X55+Y55 -> 0 | V55: =T55+U55 -> 0 | X55: =V55+W55 -> 0
B56: прочее | C56: тыс.руб. | D56: 225353.01 | F56: =(E56-D56)/D56 -> -1 | G56: =L56+M56 -> 232267.36 | H56: 53565.74 | I56: 66903.776 | J56: =H56+I56 -> 120469.52 | K56: 66770.246 | L56: =J56+K56 -> 187239.76 | M56: 45027.595 | N56: =(G56-E56)/E56 -> #DIV/0! | O56: 311832.15 | P56: 324305.44 | S56: =X56+Y56 -> 0 | V56: =T56+U56 -> 0 | X56: =V56+W56 -> 0
A57: 2.9. | B57: Страхование | C57: тыс.руб. | D57: =SUM(D58:D62) -> 291376.32 | E57: =SUM(E58:E62) -> 0 | F57: =(E57-D57)/D57 -> -1 | G57: =SUM(G58:G62) -> 308574.95 | H57: =SUM(H58:H62) -> 77059.529 | I57: =SUM(I58:I62) -> 76864.233 | J57: =SUM(J58:J62) -> 153923.76 | K57: =SUM(K58:K62) -> 77711.871 | L57: =SUM(L58:L62) -> 231635.63 | M57: =SUM(M58:M62) -> 76939.32 | N57: =(G57-E57)/E57 -> #DIV/0! | O57: =SUM(O58:O62) -> 315336.1 | P57: =SUM(P58:P62) -> 329526.23 | S57: =SUM(S58:S62) -> 0 | T57: =SUM(T58:T62) -> 0 | U57: =SUM(U58:U62) -> 0 | V57: =SUM(V58:V62) -> 0 | W57: =SUM(W58:W62) -> 0 | X57: =SUM(X58:X62) -> 0 | Y57: =SUM(Y58:Y62) -> 0
A58: 2.9.1. | B58: Страхование от несчастных случаев | C58: тыс.руб. | D58: 3454.6298 | F58: =(E58-D58)/D58 -> -1 | G58: =L58+M58 -> 7270.9 | H58: 1817.725 | I58: 1817.725 | J58: =H58+I58 -> 3635.45 | K58: 1817.725 | L58: =J58+K58 -> 5453.175 | M58: 1817.725 | N58: =(G58-E58)/E58 -> #DIV/0! | O58: 7430.2097 | P58: 7764.5691 | S58: =X58+Y58 -> 0 | V58: =T58+U58 -> 0 | X58: =V58+W58 -> 0
A59: 2.9.2. | B59: ДМС | C59: тыс.руб. | D59: 254311.77 | F59: =(E59-D59)/D59 -> -1 | G59: =L59+M59 -> 260000 | H59: 65000 | I59: 65000 | J59: =H59+I59 -> 130000 | K59: 65000 | L59: =J59+K59 -> 195000 | M59: 65000 | N59: =(G59-E59)/E59 -> #DIV/0! | O59: 265696.75 | P59: 277653.11 | S59: =X59+Y59 -> 0 | V59: =T59+U59 -> 0 | X59: =V59+W59 -> 0
A60: 2.9.3. | B60: ОСАГО | C60: тыс.руб. | D60: 9221.2083 | F60: =(E60-D60)/D60 -> -1 | G60: =L60+M60 -> 8182.5269 | H60: 2014.5482 | I60: 2136.8458 | J60: =H60+I60 -> 4151.394 | K60: 1983.9279 | L60: =J60+K60 -> 6135.322 | M60: 2047.205 | N60: =(G60-E60)/E60 -> #DIV/0! | O60: 8366.5979 | P60: 8743.0948 | S60: =X60+Y60 -> 0 | V60: =T60+U60 -> 0 | X60: =V60+W60 -> 0
A61: 2.9.4. | B61: КАСКО | C61: тыс.руб. | D61: 23981.634 | F61: =(E61-D61)/D61 -> -1 | G61: =L61+M61 -> 32797.19 | H61: 8160.1049 | I61: 7834.0369 | J61: =H61+I61 -> 15994.142 | K61: 8814.0484 | L61: =J61+K61 -> 24808.19 | M61: 7989 | N61: =(G61-E61)/E61 -> #DIV/0! | O61: 33505.395 | P61: 35013.138 | S61: =X61+Y61 -> 0 | V61: =T61+U61 -> 0 | X61: =V61+W61 -> 0
A62: 2.9.5. | B62: Прочее | C62: тыс.руб. | D62: 407.07984 | F62: =(E62-D62)/D62 -> -1 | G62: =L62+M62 -> 324.3352 | H62: 67.15103 | I62: 75.62501 | J62: =H62+I62 -> 142.77604 | K62: 96.16958 | L62: =J62+K62 -> 238.94562 | M62: 85.38958 | N62: =(G62-E62)/E62 -> #DIV/0! | O62: 337.14956 | P62: 352.32129 | S62: =X62+Y62 -> 0 | V62: =T62+U62 -> 0 | X62: =V62+W62 -> 0
A63: 2.10. | B63: Налоги из себестоимости | C63: тыс.руб. | D63: =SUM(D64:D65) -> 14843.9 | E63: =SUM(E64:E65) -> 0 | F63: =(E63-D63)/D63 -> -1 | G63: =SUM(G64:G65) -> 14926.143 | H63: =SUM(H64:H65) -> 3723.2557 | I63: =SUM(I64:I65) -> 3722.2557 | J63: =SUM(J64:J65) -> 7445.5114 | K63: =SUM(K64:K65) -> 3729.2557 | L63: =SUM(L64:L65) -> 11174.767 | M63: =SUM(M64:M65) -> 3751.3757 | N63: =(G63-E63)/E63 -> #DIV/0! | O63: =SUM(O64:O65) -> 16750.069 | P63: =SUM(P64:P65) -> 17503.822 | S63: =SUM(S64:S65) -> 0 | T63: =SUM(T64:T65) -> 0 | U63: =SUM(U64:U65) -> 0 | V63: =SUM(V64:V65) -> 0 | W63: =SUM(W64:W65) -> 0 | X63: =SUM(X64:X65) -> 0 | Y63: =SUM(Y64:Y65) -> 0
A64: 2.10.1. | B64: Транспортный налог | C64: тыс.руб. | D64: 6043.199 | F64: =(E64-D64)/D64 -> -1 | G64: =L64+M64 -> 6753.3261 | H64: 1681.7515 | I64: 1680.7515 | J64: =H64+I64 -> 3362.503 | K64: 1686.7515 | L64: =J64+K64 -> 5049.2546 | M64: 1704.0715 | N64: =(G64-E64)/E64 -> #DIV/0! | O64: 10050.042 | P64: 10502.293 | S64: =X64+Y64 -> 0 | V64: =T64+U64 -> 0 | X64: =V64+W64 -> 0
A65: 2.10.2. | B65: Платежи за землю | C65: тыс.руб. | D65: 8800.701 | F65: =(E65-D65)/D65 -> -1 | G65: =L65+M65 -> 8172.8168 | H65: 2041.5042 | I65: 2041.5042 | J65: =H65+I65 -> 4083.0084 | K65: 2042.5042 | L65: =J65+K65 -> 6125.5126 | M65: 2047.3042 | N65: =(G65-E65)/E65 -> #DIV/0! | O65: 6700.0277 | P65: 7001.5289 | S65: =X65+Y65 -> 0 | V65: =T65+U65 -> 0 | X65: =V65+W65 -> 0
A66: 2.11. | B66: Прочие расходы из себестоимости | C66: тыс.руб. | D66: =SUM(D67:D76) -> 851193.68 | E66: =SUM(E67:E76) -> 0 | F66: =(E66-D66)/D66 -> -1 | G66: =L66+M66 -> 894700.62 | H66: =SUM(H67:H76) -> 332517.77 | I66: =SUM(I67:I76) -> 251117.76 | J66: =SUM(J67:J76) -> 583635.53 | K66: =SUM(K67:K76) -> 52271.155 | L66: =SUM(L67:L76) -> 635906.68 | M66: =SUM(M67:M76) -> 258793.93 | N66: =(G66-E66)/E66 -> #DIV/0! | O66: =SUM(O67:O76) -> 966653.6 | P66: =SUM(P67:P76) -> 1023965.7 | S66: =SUM(S67:S76) -> 0 | T66: =SUM(T67:T76) -> 0 | U66: =SUM(U67:U76) -> 0 | V66: =SUM(V67:V76) -> 0 | W66: =SUM(W67:W76) -> 0 | X66: =SUM(X67:X76) -> 0 | Y66: =SUM(Y67:Y76) -> 0
A67: 2.11.1. | B67: Землеустроительные работы по определению охранных зон | C67: тыс.руб. | D67: 38574.33 | F67: =(E67-D67)/D67 -> -1 | G67: =L67+M67 -> 50000 | I67: 15000 | J67: =H67+I67 -> 15000 | K67: 15000 | L67: =J67+K67 -> 30000 | M67: 20000 | N67: =(G67-E67)/E67 -> #DIV/0! | O67: 44730.436 | P67: 46743.306 | S67: =X67+Y67 -> 0 | V67: =T67+U67 -> 0 | X67: =V67+W67 -> 0
A68: 2.11.3. | B68: Охрана труда | C68: тыс.руб. | D68: 100069.19 | F68: =(E68-D68)/D68 -> -1 | G68: =L68+M68 -> 80642.532 | H68: 18833.7 | I68: 19916.113 | J68: =H68+I68 -> 38749.813 | K68: 21925.35 | L68: =J68+K68 -> 60675.163 | M68: 19967.369 | N68: =(G68-E68)/E68 -> #DIV/0! | O68: 121083.72 | P68: 133192.09 | S68: =X68+Y68 -> 0 | V68: =T68+U68 -> 0 | X68: =V68+W68 -> 0
A69: 2.11.4. | B69: Расходы на персонал (обучение, аттестация, командировочные, подбор и т.д.) | C69: тыс.руб. | D69: 47504.886 | F69: =(E69-D69)/D69 -> -1 | G69: =L69+M69 -> 54283.463 | H69: 13273.254 | I69: 13723.985 | J69: =H69+I69 -> 26997.24 | K69: 13870.545 | L69: =J69+K69 -> 40867.785 | M69: 13415.677 | N69: =(G69-E69)/E69 -> #DIV/0! | O69: 56227.638 | P69: 58757.881 | S69: =X69+Y69 -> 0 | V69: =T69+U69 -> 0 | X69: =V69+W69 -> 0
A70: 2.11.6. | B70: Коммунальные услуги (в т.ч. эл/эн, тепло, вода, вывоз ТБО) | C70: тыс.руб. | D70: 121549.14 | F70: =(E70-D70)/D70 -> -1 | G70: =L70+M70 -> 153590.75 | H70: 47964.92 | I70: 27033.799 | J70: =H70+I70 -> 74998.718 | K70: 22552.381 | L70: =J70+K70 -> 97551.099 | M70: 56039.646 | N70: =(G70-E70)/E70 -> #DIV/0! | O70: 147074.46 | P70: 161781.91 | S70: =X70+Y70 -> 0 | V70: =T70+U70 -> 0 | X70: =V70+W70 -> 0
A71: 2.11.7. | B71: Аудит, информационно-консультационные и юридические услуги, подписка | C71: тыс.руб. | D71: 46756.5 | F71: =(E71-D71)/D71 -> -1 | G71: =L71+M71 -> 48925.296 | H71: 10729.824 | I71: 14084.324 | J71: =H71+I71 -> 24814.148 | K71: 14044.824 | L71: =J71+K71 -> 38858.972 | M71: 10066.324 | N71: =(G71-E71)/E71 -> #DIV/0! | O71: 61168.379 | P71: 63920.956 | S71: =X71+Y71 -> 0 | V71: =T71+U71 -> 0 | X71: =V71+W71 -> 0
A72: 2.11.8. | B72: Услуги связи | C72: тыс.руб. | D72: 63313.067 | F72: =(E72-D72)/D72 -> -1 | G72: =L72+M72 -> 66363.579 | H72: 16330.128 | I72: 16636.108 | J72: =H72+I72 -> 32966.237 | K72: 16734.118 | L72: =J72+K72 -> 49700.355 | M72: 16663.224 | N72: =(G72-E72)/E72 -> #DIV/0! | O72: 74346.892 | P72: 77692.503 | S72: =X72+Y72 -> 0 | V72: =T72+U72 -> 0 | X72: =V72+W72 -> 0
A73: 2.11.9. | B73: Охрана и безопасность | C73: тыс.руб. | D73: 175583.84 | F73: =(E73-D73)/D73 -> -1 | G73: =L73+M73 -> 203195.91 | H73: 50355.766 | I73: 50817.416 | J73: =H73+I73 -> 101173.18 | K73: 51658.476 | L73: =J73+K73 -> 152831.66 | M73: 50364.246 | N73: =(G73-E73)/E73 -> #DIV/0! | O73: 175651.36 | P73: 183555.67 | S73: =X73+Y73 -> 0 | V73: =T73+U73 -> 0 | X73: =V73+W73 -> 0
A74: 2.11.10. | B74: Реклама и маркетинг | C74: тыс.руб. | D74: 0 | F74: =(E74-D74)/D74 -> #DIV/0! | G74: =L74+M74 -> 0 | J74: =H74+I74 -> 0 | L74: =J74+K74 -> 0 | N74: =(G74-E74)/E74 -> #DIV/0! | S74: =X74+Y74 -> 0 | V74: =T74+U74 -> 0 | X74: =V74+W74 -> 0
A75: 2.11.11. | B75: Расходы на программное обеспечение | C75: тыс.руб. | D75: 92120.313 | F75: =(E75-D75)/D75 -> -1 | G75: =L75+M75 -> 100467.01 | H75: 25349.629 | I75: 25092.27 | J75: =H75+I75 -> 50441.898 | K75: 25077.21 | L75: =J75+K75 -> 75519.108 | M75: 24947.903 | N75: =(G75-E75)/E75 -> #DIV/0! | O75: 99170.714 | P75: 103633.4 | S75: =X75+Y75 -> 0 | V75: =T75+U75 -> 0 | X75: =V75+W75 -> 0
A76: 2.11.13. | B76: Прочее (в том числе резерв на оплату отпусков) | C76: тыс.руб. | D76: 165722.41 | F76: =(E76-D76)/D76 -> -1 | G76: =L76+M76 -> 137232.09 | H76: 149680.55 | I76: 68813.746 | J76: =H76+I76 -> 218494.29 | K76: -128591.75 | L76: =J76+K76 -> 89902.543 | M76: 47329.542 | N76: =(G76-E76)/E76 -> #DIV/0! | O76: 187200 | P76: 194688 | S76: =X76+Y76 -> 0 | V76: =T76+U76 -> 0 | X76: =V76+W76 -> 0
A78: II.2 | B78: Коммерческие раходы
A80: III. | B80: Полная себестоимость | C80: тыс.руб. | D80: =SUM(D81:D83) -> 21021097 | E80: =SUM(E81:E83) -> 0 | F80: =(E80-D80)/D80 -> -1 | G80: =SUM(G81:G83) -> 24151385 | H80: =SUM(H81:H83) -> 6289221.1 | I80: =SUM(I81:I83) -> 5520757.7 | J80: =SUM(J81:J83) -> 11809979 | K80: =SUM(K81:K83) -> 5408146.4 | L80: =SUM(L81:L83) -> 17218125 | M80: =SUM(M81:M83) -> 6933260.2 | N80: =(G80-E80)/E80 -> #DIV/0! | O80: =SUM(O81:O83) -> 24010870 | P80: =SUM(P81:P83) -> 25107408 | S80: =SUM(S81:S83) -> 0 | T80: =SUM(T81:T83) -> 0 | U80: =SUM(U81:U83) -> 0 | V80: =SUM(V81:V83) -> 0 | W80: =SUM(W81:W83) -> 0 | X80: =SUM(X81:X83) -> 0 | Y80: =SUM(Y81:Y83) -> 0
A81: 3.1. | B81: Полная себестоимость сетевых услуг | C81: тыс.руб. | D81: 20108953 | F81: =(E81-D81)/D81 -> -1 | G81: =L81+M81 -> 23103412 | H81: =$H$18*H1 -> 6016320.1 | I81: =$I$18*I1 -> 5281201.8 | J81: =H81+I81 -> 11297522 | K81: =$K$18*K1 -> 5173476.9 | L81: =J81+K81 -> 16470999 | M81: =$M$18*M1 -> 6632413.2 | N81: =(G81-E81)/E81 -> #DIV/0! | O81: =$O$18*O1 -> 22968994 | P81: =$P$18*P1 -> 24017951 | S81: =X81+Y81 -> 0 | V81: =T81+U81 -> 0 | X81: =V81+W81 -> 0
A82: 3.2. | B82: Полная себестоимость услуг по техприсоединению | C82: тыс.руб. | D82: 399783.24 | F82: =(E82-D82)/D82 -> -1 | G82: =L82+M82 -> 459315.66 | H82: =$H$18*H2 -> 119609.61 | I82: =$I$18*I2 -> 104994.82 | J82: =H82+I82 -> 224604.43 | K82: =$K$18*K2 -> 102853.16 | L82: =J82+K82 -> 327457.59 | M82: =$M$18*M2 -> 131858.07 | N82: =(G82-E82)/E82 -> #DIV/0! | O82: =$O$18*O2 -> 456643.31 | P82: =$P$18*P2 -> 477497.48 | S82: =X82+Y82 -> 0 | V82: =T82+U82 -> 0 | X82: =V82+W82 -> 0
A83: 3.3. | B83: Полная себестоимость прочих видов деятельности | C83: тыс.руб. | D83: 512361.11 | F83: =(E83-D83)/D83 -> -1 | G83: =L83+M83 -> 588657.7 | H83: =$H$18*H3 -> 153291.35 | I83: =$I$18*I3 -> 134561.08 | J83: =H83+I83 -> 287852.43 | K83: =$K$18*K3 -> 131816.33 | L83: =J83+K83 -> 419668.76 | M83: =$M$18*M3 -> 168988.94 | N83: =(G83-E83)/E83 -> #DIV/0! | O83: =$O$18*O3 -> 585232.82 | P83: =$P$18*P3 -> 611959.47 | S83: =X83+Y83 -> 0 | V83: =T83+U83 -> 0 | X83: =V83+W83 -> 0
A84: IV. | B84: Прибыль (убыток) от реализации | C84: тыс.руб. | D84: =SUM(D85:D87) -> 2794596.8 | E84: =SUM(E85:E87) -> 0 | F84: =(E84-D84)/D84 -> -1 | G84: =SUM(G85:G87) -> 2597796.7 | H84: =SUM(H85:H87) -> 1089189.2 | I84: =SUM(I85:I87) -> 680361.02 | J84: =SUM(J85:J87) -> 1769550.3 | K84: =SUM(K85:K87) -> 539591.41 | L84: =SUM(L85:L87) -> 2309141.7 | M84: =SUM(M85:M87) -> 288655 | N84: =(G84-E84)/E84 -> #DIV/0! | O84: =SUM(O85:O87) -> 3566467.5 | P84: =SUM(P85:P87) -> 3618233.9 | S84: =SUM(S85:S87) -> 0 | T84: =SUM(T85:T87) -> 0 | U84: =SUM(U85:U87) -> 0 | V84: =SUM(V85:V87) -> 0 | W84: =SUM(W85:W87) -> 0 | X84: =SUM(X85:X87) -> 0 | Y84: =SUM(Y85:Y87) -> 0
A85: 4.1. | B85: Прибыль (убыток) от реализации по сетевым услугам | C85: тыс.руб. | D85: 2366462.7 | F85: =(E85-D85)/D85 -> -1 | G85: =G11-G81 -> 2193966.9 | H85: =H11-H81 -> 1031628.7 | I85: =I11-I81 -> 652033.19 | J85: =J11-J81 -> 1683661.9 | K85: =K11-K81 -> 454107.91 | L85: =L11-L81 -> 2137769.8 | M85: =M11-M81 -> 56197.108 | N85: =(G85-E85)/E85 -> #DIV/0! | O85: =O11-O81 -> 3088903.7 | P85: =P11-P81 -> 3092307 | S85: =S11-S81 -> 0 | V85: =T85+U85 -> 0 | X85: =V85+W85 -> 0
A86: 4.2. | B86: Прибыль (убыток) от техприсоединения | C86: тыс.руб. | D86: 230214.3 | F86: =(E86-D86)/D86 -> -1 | G86: =G14-G82 -> 199965.34 | H86: =H14-H82 -> 25563.541 | I86: =I14-I82 -> -4926.3402 | J86: =J14-J82 -> 20637.201 | K86: =K14-K82 -> 33953.741 | L86: =L14-L82 -> 54590.942 | M86: =M14-M82 -> 145374.39 | N86: =(G86-E86)/E86 -> #DIV/0! | O86: =O14-O82 -> 203356.69 | P86: =P14-P82 -> 192502.52 | S86: =S14-S82 -> 0 | V86: =T86+U86 -> 0 | X86: =V86+W86 -> 0
A87: 4.3. | B87: Прибыль (убыток) от реализации по прочим видам деятельности | C87: тыс.руб. | D87: 197919.78 | F87: =(E87-D87)/D87 -> -1 | G87: =G15-G83 -> 203864.39 | H87: =H15-H83 -> 31996.967 | I87: =I15-I83 -> 33254.163 | J87: =J15-J83 -> 65251.13 | K87: =K15-K83 -> 51529.76 | L87: =L15-L83 -> 116780.89 | M87: =M15-M83 -> 87083.495 | N87: =(G87-E87)/E87 -> #DIV/0! | O87: =O15-O83 -> 274207.06 | P87: =P15-P83 -> 333424.39 | S87: =S15-S83 -> 0 | V87: =T87+U87 -> 0 | X87: =V87+W87 -> 0
V88: =T88+U88 -> 0 | X88: =V88+W88 -> 0
A89: V. | B89: Прочие доходы | C89: тыс.руб. | D89: =SUM(D90:D97) -> 1024649.8 | E89: =SUM(E90:E97) -> 0 | G89: =SUM(G90:G97) -> 1759906.8 | H89: =SUM(H90:H97) -> 218209.77 | I89: =SUM(I90:I97) -> 241435.26 | J89: =SUM(J90:J97) -> 459645.03 | K89: =SUM(K90:K97) -> 860686.96 | L89: =SUM(L90:L97) -> 1320332 | M89: =SUM(M90:M97) -> 439574.82 | N89: =(G89-E89)/E89 -> #DIV/0! | O89: =SUM(O90:O97) -> 1075862.2 | P89: =SUM(P90:P97) -> 1229238.3 | S89: =SUM(S90:S97) -> 0 | T89: =SUM(T90:T97) -> 0 | U89: =SUM(U90:U97) -> 0 | V89: =SUM(V90:V97) -> 0 | W89: =SUM(W90:W97) -> 0 | X89: =SUM(X90:X97) -> 0 | Y89: =SUM(Y90:Y97) -> 0
A90: 5.1. | B90: Проценты к получению | C90: тыс.руб. | D90: 25761.727 | F90: =(E90-D90)/D90 -> -1 | G90: =L90+M90 -> 60000 | H90: 15000 | I90: 15000 | J90: =H90+I90 -> 30000 | K90: 15000 | L90: =J90+K90 -> 45000 | M90: 15000 | N90: =(G90-E90)/E90 -> #DIV/0! | O90: 12912.104 | P90: 13493.148 | S90: =X90+Y90 -> 0 | V90: =T90+U90 -> 0 | X90: =V90+W90 -> 0
A91: 5.2. | B91: Доходы от участия в других организациях | C91: тыс.руб. | D91: 0 | G91: =L91+M91 -> 0 | J91: =H91+I91 -> 0 | L91: =J91+K91 -> 0 | N91: =(G91-E91)/E91 -> #DIV/0! | S91: =X91+Y91 -> 0 | X91: =V91+W91 -> 0
A92: 5.3. | B92: Реализация ЦБ | C92: тыс.руб. | D92: 0 | G92: =L92+M92 -> 0 | J92: =H92+I92 -> 0 | L92: =J92+K92 -> 0 | N92: =(G92-E92)/E92 -> #DIV/0! | S92: =X92+Y92 -> 0 | X92: =V92+W92 -> 0
A93: 4.4. | B93: Реализация ОС и ТМЦ | C93: тыс.руб. | D93: 20688.13 | F93: =(E93-D93)/D93 -> -1 | G93: =L93+M93 -> 20095.81 | H93: 4434.11 | I93: 6522.3 | J93: =H93+I93 -> 10956.41 | K93: 4977.3 | L93: =J93+K93 -> 15933.71 | M93: 4162.1 | N93: =(G93-E93)/E93 -> #DIV/0! | O93: 20000 | P93: 20000 | S93: =X93+Y93 -> 0 | V93: =T93+U93 -> 0 | X93: =V93+W93 -> 0
A94: 5.5. | B94: Убытки прошлых лет | C94: тыс.руб. | D94: 0 | G94: =L94+M94 -> 0 | J94: =H94+I94 -> 0 | L94: =J94+K94 -> 0 | N94: =(G94-E94)/E94 -> #DIV/0! | S94: =X94+Y94 -> 0 | V94: =T94+U94 -> 0 | X94: =V94+W94 -> 0
A95: 5.6. | B95: Списание кредиторской задолженности | C95: тыс.руб. | D95: 12955.611 | F95: =(E95-D95)/D95 -> -1 | G95: =L95+M95 -> 22160 | H95: 5406.49 | I95: 5690.49 | J95: =H95+I95 -> 11096.98 | K95: 5482.49 | L95: =J95+K95 -> 16579.47 | M95: 5580.53 | N95: =(G95-E95)/E95 -> #DIV/0! | O95: 15000 | P95: 15000 | S95: =X95+Y95 -> 0 | V95: =T95+U95 -> 0 | X95: =V95+W95 -> 0
A96: 5.7. | B96: Восстановление резервов по сомнительным долгам | C96: тыс.руб. | D96: 521239.51 | F96: =(E96-D96)/D96 -> -1 | G96: =L96+M96 -> 255000 | H96: 50000 | I96: 50000 | J96: =H96+I96 -> 100000 | K96: 50000 | L96: =J96+K96 -> 150000 | M96: 105000 | N96: =IFERROR((G96-E96)/E96,"") | O96: 500000 | P96: 600000 | S96: =X96+Y96 -> 0 | V96: =T96+U96 -> 0 | X96: =V96+W96 -> 0
A97: 5.8. | B97: Прочие доходы | C97: тыс.руб. | D97: 444004.84 | F97: =(E97-D97)/D97 -> -1 | G97: =L97+M97 -> 1402651 | H97: 143369.17 | I97: 164222.47 | J97: =H97+I97 -> 307591.64 | K97: 785227.17 | L97: =J97+K97 -> 1092818.8 | M97: 309832.19 | N97: =(G97-E97)/E97 -> #DIV/0! | O97: 527950.12 | P97: 580745.13 | S97: =X97+Y97 -> 0 | V97: =T97+U97 -> 0 | X97: =V97+W97 -> 0
A99: VI. | B99: Прочие расходы | C99: тыс.руб. | D99: =SUM(D100:D110) -> 1683166.1 | E99: =SUM(E100:E110) -> 0 | F99: =(E99-D99)/D99 -> -1 | G99: =SUM(G100:G110) -> 1356525.7 | H99: =SUM(H100:H110) -> 329791.93 | I99: =SUM(I100:I110) -> 323549.66 | J99: =SUM(J100:J110) -> 653341.59 | K99: =SUM(K100:K110) -> 333669.06 | L99: =SUM(L100:L110) -> 987010.64 | M99: =SUM(M100:M110) -> 369515.03 | N99: =(G99-E99)/E99 -> #DIV/0! | O99: =SUM(O100:O110) -> 1237965.8 | P99: =SUM(P100:P110) -> 1265466.7 | S99: =SUM(S100:S110) -> 0 | T99: =SUM(T100:T109) -> 0 | U99: =SUM(U100:U110) -> 0 | V99: =SUM(V100:V110) -> 0 | W99: =SUM(W100:W110) -> 0 | X99: =SUM(X100:X110) -> 0 | Y99: =SUM(Y100:Y110) -> 0
A100: 6.1. | B100: Реализация ЦБ | C100: тыс.руб. | D100: 0 | G100: =L100+M100 -> 0 | J100: =H100+I100 -> 0 | L100: =J100+K100 -> 0 | S100: =X100+Y100 -> 0 | V100: =T100+U100 -> 0 | X100: =V100+W100 -> 0
A101: 6.2. | B101: Реализация ОС и ТМЦ | C101: тыс.руб. | D101: 3681.6789 | F101: =(E101-D101)/D101 -> -1 | G101: =L101+M101 -> 9824.81 | H101: 2113.31 | I101: 4851.5 | J101: =H101+I101 -> 6964.81 | K101: 1448.5 | L101: =J101+K101 -> 8413.31 | M101: 1411.5 | N101: =(G101-E101)/E101 -> #DIV/0! | O101: 1061.4483 | P101: 1109.2135 | S101: =X101+Y101 -> 0 | V101: =T101+U101 -> 0 | X101: =V101+W101 -> 0
A102: 6.3. | B102: Услуги банка | C102: тыс.руб. | D102: 5697.7689 | F102: =(E102-D102)/D102 -> -1 | G102: =L102+M102 -> 7933.8545 | H102: 1854.8234 | I102: 2032.8234 | J102: =H102+I102 -> 3887.6468 | K102: 2065.8234 | L102: =J102+K102 -> 5953.4702 | M102: 1980.3842 | N102: =(G102-E102)/E102 -> #DIV/0! | O102: 5967.2613 | P102: 6235.7881 | S102: =X102+Y102 -> 0 | V102: =T102+U102 -> 0 | X102: =V102+W102 -> 0
A103: 6.4. | B103: Обслуживание кредитов и займов | C103: тыс.руб. | D103: 650000 | F103: =(E103-D103)/D103 -> -1 | G103: =L103+M103 -> 630000 | H103: 152200 | I103: 138500 | J103: =H103+I103 -> 290700 | K103: 152800 | L103: =J103+K103 -> 443500 | M103: 186500 | N103: =(G103-E103)/E103 -> #DIV/0! | O103: 641500 | P103: 658000 | S103: =X103+Y103 -> 0 | V103: =T103+U103 -> 0 | X103: =V103+W103 -> 0
A104: 6.5. | B104: Списание дебиторской задолженности | C104: тыс.руб. | D104: 2542.9359 | F104: =(E104-D104)/D104 -> -1 | G104: =L104+M104 -> 7242.263 | H104: 1550.0657 | I104: 1551.0657 | J104: =H104+I104 -> 3101.1315 | K104: 1600.0657 | L104: =J104+K104 -> 4701.1972 | M104: 2541.0657 | N104: =(G104-E104)/E104 -> #DIV/0! | O104: 2000 | P104: 2000 | S104: =X104+Y104 -> 0 | V104: =T104+U104 -> 0 | X104: =V104+W104 -> 0
A105: 6.6. | B105: Социальные выплаты | C105: тыс.руб. | D105: 53190.197 | F105: =(E105-D105)/D105 -> -1 | G105: =L105+M105 -> 55289.5 | H105: 11793.49 | I105: 14336.99 | J105: =H105+I105 -> 26130.48 | K105: 13386.99 | L105: =J105+K105 -> 39517.47 | M105: 15772.03 | N105: =(G105-E105)/E105 -> #DIV/0! | O105: 56669.545 | P105: 59219.675 | S105: =X105+Y105 -> 0 | V105: =T105+U105 -> 0 | X105: =V105+W105 -> 0
A106: 6.7. | B106: Создание резервов по сомнительным долгам | C106: тыс.руб. | D106: 263131.16 | G106: =L106+M106 -> 0 | J106: =H106+I106 -> 0 | L106: =J106+K106 -> 0 | N106: =(G106-E106)/E106 -> #DIV/0! | S106: =X106+Y106 -> 0 | V106: =T106+U106 -> 0 | X106: =V106+W106 -> 0
...

Sheet с расшифровкой
A2: Форма раскрытия информации о структуре и объемах затрат
A3: на оказание услуг по передаче электрической энергии сетевыми
A4: организациями, регулирование деятельности которых осуществляется
A5: методом долгосрочной индексации необходимой валовой выручки
C7: ИНН:
C8: КПП:
C9: Долгосрочный период регулирования:
A11: № п/п | J11: Показатель | BI11: Ед. изм. | BT11: Год | CN11: Примечание ***
BT12: план 2018 | CD12: факт 2018
A13: I | K13: Структура затрат | BI13: х | BT13: х | CD13: х | CN13: х
A14: 1 | K14: Необходимая валовая выручка на содержание | BI14: тыс. руб.
A15: 44927 | K15: Подконтрольные расходы, всего | BI15: тыс. руб.
A16: 36892 | K16: Материальные расходы, всего | BI16: тыс. руб.
A17: 1.1.1.1 | K17: в том числе на сырье, материалы, запасные части, инструмент, топливо | BI17: тыс. руб.
A18: 1.1.1.2 | K18: на ремонт | BI18: тыс. руб.
A19: 1.1.1.3 | K19: в том числе на работы и услуги производственного характера (в том числе услуги сторонних организаций по содержанию сетей и распределительных устройств) | BI19: тыс. руб.
A20: 1.1.1.3.1 | K20: в том числе на ремонт | BI20: тыс. руб.
A21: 37257 | K21: Фонд оплаты труда | BI21: тыс. руб.
A22: 1.1.2.1 | K22: в том числе на ремонт | BI22: тыс. руб.
A23: 37622 | K23: Прочие подконтрольные расходы (с расшифровкой) | BI23: тыс. руб.
A24: 1.1.3.1 | K24: в том числе прибыль на социальное развитие (включая социальные выплаты) | BI24: тыс. руб.
A25: 1.1.3.2 | K25: в том числе транспортные услуги | BI25: тыс. руб.
A26: 1.1.3.3 | K26: в том числе прочие расходы (с расшифровкой)**** | BI26: тыс. руб.
A27: 1.1.3.3.1 | K27: Услуги связи | BI27: тыс. руб.
A28: 1.1.3.3.2 | K28: Расходы на охрану и пожарную безопасность | BI28: тыс. руб.
A29: 1.1.3.3.3 | K29: расходы на командировки и представительские | BI29: тыс. руб.
A30: 1.1.3.3.4 | K30: расходы на обучение персонала | BI30: тыс. руб.
A31: 1.1.3.3.5 | K31: расходы на страхование | BI31: тыс. руб.
A32: 1.1.3.3.6 | K32: расходы на юридические услуги | BI32: тыс. руб.
A33: 1.1.3.3.7 | K33: расходы на консультационные услуги | BI33: тыс. руб.
A34: 1.1.3.3.8 | K34: расходы на аудиторские услуги | BI34: тыс. руб.
A35: 1.1.3.3.9 | K35: расходы на обеспечение нормальных условий труда и мер по технике безопасности | BI35: тыс. руб.
... A38: 1.1.3.3.11 | K38: иные расходы, связанные с производством и (или) реализацией | BI38: тыс. руб.
A39: 37987 | K39: Расходы на обслуживание операционных заемных средств в составе подконтрольных расходов | BI39: тыс. руб.
A40: 38353 | K40: Расходы из прибыли в составе подконтрольных расходов | BI40: тыс. руб.
A41: 44958 | K41: Неподконтрольные расходы, включенные в НВВ, всего | BI41: тыс. руб.
A42: 36923 | K42: Оплата услуг ОАО "ФСК ЕЭС" | BI42: тыс. руб.
A43: 37288 | K43: Расходы на оплату технологического присоединения к сетям смежной сетевой организации | BI43: тыс. руб.
A44: 37653 | K44: Плата за аренду имущества | BI44: тыс. руб.
A45: 38018 | K45: отчисления на социальные нужды | BI45: тыс. руб.
A46: 38384 | K46: расходы на возврат и обслуживание долгосрочных заемных средств, направляемых на финансирование капитальных вложений | BI46: тыс. руб.
A47: 38749 | K47: амортизация | BI47: тыс. руб.
A48: 39114 | K48: прибыль на капитальные вложения | BI48: тыс. руб.
A49: 39479 | K49: налог на прибыль | BI49: тыс. руб.
A50: 39845 | K50: прочие налоги | BI50: тыс. руб.
... A52: 40210 | K52: Расходы сетевой организации, связанные с осуществлением технологического присоединения к электрическим сетям, не включенные в плату за технологическое присоединение | BI52: тыс. руб.
A53: 1.2.10.1 | K53: Справочно: "Количество льготных технологических присоединений" | BI53: ед.
A54: 40575 | K54: Средства, подлежащие дополнительному учету по результатам вступивших в законную силу решений суда, решений ФСТ России, принятых по итогам рассмотрения разногласий или досудебного урегулирования споров, решения ФСТ России об отмене решения регулирующего органа, принятого им с превышением полномочий (предписания) | BI54: тыс. руб.
A55: 40940 | K55: прочие неподконтрольные расходы (с расшифровкой) | BI55: тыс. руб.
A56: 1.2.12.1 | K56: Результаты деятельности регулируемой организации | BI56: тыс. руб.
A57: 1.2.12.2 | K57: Корректировка НВВ с учетом надежности и качества | BI57: тыс. руб.
A58: 44986 | K58: недополученный по независящим причинам доход (+)/избыток средств, полученный в предыдущем периоде регулирования (-) | BI58: тыс. руб.
A59: II | K59: Справочно: расходы на ремонт, всего (пункт 1.1.1.2 + пункт 1.1.2.1 + пункт 1.1.3.1) | BI59: тыс. руб.
A60: III | K60: Необходимая валовая выручка на оплату технологического расхода (потерь) электроэнергии | BI60: тыс. руб.
A61: 44927 | K61: Справочно: | BI61: МВт∙ч
K62: Объем технологических потерь
A63: 44958 | K63: Справочно: | BI63: тыс. руб./МВт.ч.
K64: Цена покупки электрической энергии сетевой организацией в целях компенсации технологического расхода электрической энергии
A65: IV | K65: Натуральные (количественные) показатели, используемые при определении структуры и объемов затрат на оказание услуг по передаче электрической энергии сетевыми организациями | BI65: х
A66: 1 | K66: общее количество точек подключения на конец года | BI66: шт.
A67: 2 | K67: Трансформаторная мощность подстанций, всего | BI67: МВа
A68: 2.n | K68: в том числе трансформаторная мощность подстанций на уровне напряжения СН2 | BI68: МВа
A69: 3 | K69: Количество условных единиц по линиям электропередач, всего | BI69: у.е.
A70: 3.n | K70: в том числе количество условных единиц по линиям электропередач на уровне напряжения СН2 | BI70: у.е.
A71: 3.n | K71: в том числе количество условных единиц по линиям электропередач на уровне напряжения НН | BI71: у.е.
A72: 4 | K72: Количество условных единиц по подстанциям, всего | BI72: у.е.
A73: 4.n | K73: в том числе количество условных единиц по подстанциям на уровне напряжения СН2 | BI73: у.е.
A74: 5 | K74: Длина линий электропередач, всего | BI74: км
A75: 5.n | K75: в том числе длина линий электропередач на i уровне напряжения | BI75: км
A76: 6 | K76: Доля кабельных линий электропередач | BI76: %
A77: 7 | K77: Ввод в эксплуатацию новых объектов электросетевого комплекса на конец года | BI77: тыс. руб.
A78: 44933 | K78: в том числе за счет платы за технологическое присоединение | BI78: тыс. руб.
A79: 8 | K79: норматив технологического расхода (потерь) электрической энергии, установленный Минэнерго России ***** | BI79: %
G81: Примечание:
A82: _____*_В случае определения плановых значений показателей органами исполнительной власти в области государственного регулирования тарифов при установлении тарифов на услуги по передаче электрической энергии в столбце <план> указываются соответствующие значения. Плановые значения составляющих подконтрольных расходов раскрываются в отношении расходов, учтенных регулирующим органом на первый год долгосрочного периода регулирования.
A83: _____**_Информация о фактических затратах на оказание регулируемых услуг заполняется на основании данных раздельного учета расходов по регулируемым видам деятельности.
